%YAML 1.1
%TAG !u! tag:unity3d.com,2011:
--- !u!1 &85071116029528997
GameObject:
  m_ObjectHideFlags: 0
  m_CorrespondingSourceObject: {fileID: 0}
  m_PrefabInstance: {fileID: 0}
  m_PrefabAsset: {fileID: 0}
  serializedVersion: 6
  m_Component:
  - component: {fileID: 6886986698998324206}
  m_Layer: 0
  m_Name: hand_l
  m_TagString: Untagged
  m_Icon: {fileID: 0}
  m_NavMeshLayer: 0
  m_StaticEditorFlags: 0
  m_IsActive: 1
--- !u!4 &6886986698998324206
Transform:
  m_ObjectHideFlags: 0
  m_CorrespondingSourceObject: {fileID: 0}
  m_PrefabInstance: {fileID: 0}
  m_PrefabAsset: {fileID: 0}
  m_GameObject: {fileID: 85071116029528997}
  m_LocalRotation: {x: -0.7061443, y: -0.0024431732, z: -0.054638118, w: 0.7059525}
  m_LocalPosition: {x: -0.26975146, y: 0.000000019073486, z: 0.00000015258789}
  m_LocalScale: {x: 0.99999994, y: 1, z: 0.99999994}
  m_ConstrainProportionsScale: 0
  m_Children:
  - {fileID: 250281926922031443}
  - {fileID: 4379255859368388399}
  - {fileID: 2812161912609043552}
  - {fileID: 8429229845175017503}
  - {fileID: 4422036556780018096}
  m_Father: {fileID: 7690136415273646417}
  m_RootOrder: 0
  m_LocalEulerAnglesHint: {x: 0, y: 0, z: 0}
--- !u!1 &203641328081697333
GameObject:
  m_ObjectHideFlags: 0
  m_CorrespondingSourceObject: {fileID: 0}
  m_PrefabInstance: {fileID: 0}
  m_PrefabAsset: {fileID: 0}
  serializedVersion: 6
  m_Component:
  - component: {fileID: 250281926922031443}
  m_Layer: 0
  m_Name: index_01_l
  m_TagString: Untagged
  m_Icon: {fileID: 0}
  m_NavMeshLayer: 0
  m_StaticEditorFlags: 0
  m_IsActive: 1
--- !u!4 &250281926922031443
Transform:
  m_ObjectHideFlags: 0
  m_CorrespondingSourceObject: {fileID: 0}
  m_PrefabInstance: {fileID: 0}
  m_PrefabAsset: {fileID: 0}
  m_GameObject: {fileID: 203641328081697333}
  m_LocalRotation: {x: 0.10166318, y: -0.27368188, z: -0.78478885, w: 0.5466895}
  m_LocalPosition: {x: -0.11946907, y: -0.00081680296, z: -0.024128342}
  m_LocalScale: {x: 1.0000001, y: 1, z: 0.99999994}
  m_ConstrainProportionsScale: 0
  m_Children:
  - {fileID: 3790859917191556632}
  m_Father: {fileID: 6886986698998324206}
  m_RootOrder: 0
  m_LocalEulerAnglesHint: {x: 0, y: 0, z: 0}
--- !u!1 &294238878447827976
GameObject:
  m_ObjectHideFlags: 0
  m_CorrespondingSourceObject: {fileID: 0}
  m_PrefabInstance: {fileID: 0}
  m_PrefabAsset: {fileID: 0}
  serializedVersion: 6
  m_Component:
  - component: {fileID: 4422036556780018096}
  m_Layer: 0
  m_Name: thumb_01_l
  m_TagString: Untagged
  m_Icon: {fileID: 0}
  m_NavMeshLayer: 0
  m_StaticEditorFlags: 0
  m_IsActive: 1
--- !u!4 &4422036556780018096
Transform:
  m_ObjectHideFlags: 0
  m_CorrespondingSourceObject: {fileID: 0}
  m_PrefabInstance: {fileID: 0}
  m_PrefabAsset: {fileID: 0}
  m_GameObject: {fileID: 294238878447827976}
  m_LocalRotation: {x: 0.6393177, y: -0.3685025, z: -0.1122789, w: 0.6654865}
  m_LocalPosition: {x: -0.031108933, y: 0.017973023, z: -0.06291523}
  m_LocalScale: {x: 1, y: 1.0000001, z: 0.99999994}
  m_ConstrainProportionsScale: 0
  m_Children:
  - {fileID: 3910368830536582368}
  m_Father: {fileID: 6886986698998324206}
  m_RootOrder: 4
  m_LocalEulerAnglesHint: {x: 0, y: 0, z: 0}
--- !u!1 &424982436264767505
GameObject:
  m_ObjectHideFlags: 0
  m_CorrespondingSourceObject: {fileID: 0}
  m_PrefabInstance: {fileID: 0}
  m_PrefabAsset: {fileID: 0}
  serializedVersion: 6
  m_Component:
  - component: {fileID: 1177549772657713409}
  m_Layer: 0
  m_Name: lowerarm_twist_01_l
  m_TagString: Untagged
  m_Icon: {fileID: 0}
  m_NavMeshLayer: 0
  m_StaticEditorFlags: 0
  m_IsActive: 1
--- !u!4 &1177549772657713409
Transform:
  m_ObjectHideFlags: 0
  m_CorrespondingSourceObject: {fileID: 0}
  m_PrefabInstance: {fileID: 0}
  m_PrefabAsset: {fileID: 0}
  m_GameObject: {fileID: 424982436264767505}
  m_LocalRotation: {x: -0.000000011175872, y: -0.000000027939679, z: -0.000000008381904,
    w: 1}
  m_LocalPosition: {x: -0.14000003, y: 0.000000028610229, z: 0}
  m_LocalScale: {x: 0.99999994, y: 0.9999999, z: 1}
  m_ConstrainProportionsScale: 0
  m_Children: []
  m_Father: {fileID: 7690136415273646417}
  m_RootOrder: 1
  m_LocalEulerAnglesHint: {x: 0, y: 0, z: 0}
--- !u!1 &444894962885286413
GameObject:
  m_ObjectHideFlags: 0
  m_CorrespondingSourceObject: {fileID: 0}
  m_PrefabInstance: {fileID: 0}
  m_PrefabAsset: {fileID: 0}
  serializedVersion: 6
  m_Component:
  - component: {fileID: 4143002366198231114}
  m_Layer: 0
  m_Name: index_03_l
  m_TagString: Untagged
  m_Icon: {fileID: 0}
  m_NavMeshLayer: 0
  m_StaticEditorFlags: 0
  m_IsActive: 1
--- !u!4 &4143002366198231114
Transform:
  m_ObjectHideFlags: 0
  m_CorrespondingSourceObject: {fileID: 0}
  m_PrefabInstance: {fileID: 0}
  m_PrefabAsset: {fileID: 0}
  m_GameObject: {fileID: 444894962885286413}
  m_LocalRotation: {x: 0.009570955, y: 0.009132395, z: 0.12641364, w: 0.9918894}
  m_LocalPosition: {x: -0.03416893, y: -0.011063232, z: 0.00029510498}
  m_LocalScale: {x: 1.0000001, y: 1, z: 1}
  m_ConstrainProportionsScale: 0
  m_Children: []
  m_Father: {fileID: 3790859917191556632}
  m_RootOrder: 0
  m_LocalEulerAnglesHint: {x: 0, y: 0, z: 0}
--- !u!1 &492764781478255378
GameObject:
  m_ObjectHideFlags: 0
  m_CorrespondingSourceObject: {fileID: 0}
  m_PrefabInstance: {fileID: 0}
  m_PrefabAsset: {fileID: 0}
  serializedVersion: 6
  m_Component:
  - component: {fileID: 3326569744753702140}
  m_Layer: 0
  m_Name: hand_r
  m_TagString: Untagged
  m_Icon: {fileID: 0}
  m_NavMeshLayer: 0
  m_StaticEditorFlags: 0
  m_IsActive: 1
--- !u!4 &3326569744753702140
Transform:
  m_ObjectHideFlags: 0
  m_CorrespondingSourceObject: {fileID: 0}
  m_PrefabInstance: {fileID: 0}
  m_PrefabAsset: {fileID: 0}
  m_GameObject: {fileID: 492764781478255378}
  m_LocalRotation: {x: -0.6666518, y: 0.06320791, z: 0.10513585, w: 0.7352052}
  m_LocalPosition: {x: 0.26975253, y: 0.0000002479553, z: 0}
  m_LocalScale: {x: 1.0000001, y: 0.99999994, z: 1.0000001}
  m_ConstrainProportionsScale: 0
  m_Children:
  - {fileID: 2703902043817981149}
  - {fileID: 2305361253736572423}
  - {fileID: 3757236856783473153}
  - {fileID: 6059278300439484129}
  - {fileID: 6334029744069465906}
  m_Father: {fileID: 2697335230440364189}
  m_RootOrder: 0
  m_LocalEulerAnglesHint: {x: 0, y: 0, z: 0}
--- !u!1 &810210881621157210
GameObject:
  m_ObjectHideFlags: 0
  m_CorrespondingSourceObject: {fileID: 0}
  m_PrefabInstance: {fileID: 0}
  m_PrefabAsset: {fileID: 0}
  serializedVersion: 6
  m_Component:
  - component: {fileID: 6200897138028324182}
  m_Layer: 0
  m_Name: upperarm_l
  m_TagString: Untagged
  m_Icon: {fileID: 0}
  m_NavMeshLayer: 0
  m_StaticEditorFlags: 0
  m_IsActive: 1
--- !u!4 &6200897138028324182
Transform:
  m_ObjectHideFlags: 0
  m_CorrespondingSourceObject: {fileID: 0}
  m_PrefabInstance: {fileID: 0}
  m_PrefabAsset: {fileID: 0}
  m_GameObject: {fileID: 810210881621157210}
  m_LocalRotation: {x: -0.10727787, y: -0.21831071, z: 0.20894386, w: 0.9471929}
  m_LocalPosition: {x: -0.21098536, y: -0.05911661, z: -0.0480011}
  m_LocalScale: {x: 1, y: 0.99999994, z: 1}
  m_ConstrainProportionsScale: 0
  m_Children:
  - {fileID: 7690136415273646417}
  m_Father: {fileID: 8888882625892930431}
  m_RootOrder: 0
  m_LocalEulerAnglesHint: {x: 0, y: 0, z: 0}
--- !u!1 &960543632051100164
GameObject:
  m_ObjectHideFlags: 0
  m_CorrespondingSourceObject: {fileID: 0}
  m_PrefabInstance: {fileID: 0}
  m_PrefabAsset: {fileID: 0}
  serializedVersion: 6
  m_Component:
  - component: {fileID: 4766151955297997468}
  - component: {fileID: 5233620868517631997}
  m_Layer: 9
  m_Name: Fighter_05_Body_Mesh
  m_TagString: Untagged
  m_Icon: {fileID: 0}
  m_NavMeshLayer: 0
  m_StaticEditorFlags: 0
  m_IsActive: 1
--- !u!4 &4766151955297997468
Transform:
  m_ObjectHideFlags: 0
  m_CorrespondingSourceObject: {fileID: 0}
  m_PrefabInstance: {fileID: 0}
  m_PrefabAsset: {fileID: 0}
  m_GameObject: {fileID: 960543632051100164}
  m_LocalRotation: {x: -0.7071068, y: 0, z: -0, w: 0.7071068}
  m_LocalPosition: {x: -0, y: 0, z: -0.013801818}
  m_LocalScale: {x: 1.01935, y: 1.01935, z: 1.01935}
  m_ConstrainProportionsScale: 0
  m_Children: []
  m_Father: {fileID: 8557995236461937443}
  m_RootOrder: 0
  m_LocalEulerAnglesHint: {x: 0, y: 0, z: 0}
--- !u!137 &5233620868517631997
SkinnedMeshRenderer:
  m_ObjectHideFlags: 0
  m_CorrespondingSourceObject: {fileID: 0}
  m_PrefabInstance: {fileID: 0}
  m_PrefabAsset: {fileID: 0}
  m_GameObject: {fileID: 960543632051100164}
  m_Enabled: 1
  m_CastShadows: 1
  m_ReceiveShadows: 1
  m_DynamicOccludee: 1
  m_StaticShadowCaster: 0
  m_MotionVectors: 1
  m_LightProbeUsage: 1
  m_ReflectionProbeUsage: 1
  m_RayTracingMode: 3
  m_RayTraceProcedural: 0
  m_RenderingLayerMask: 1
  m_RendererPriority: 0
  m_Materials:
  - {fileID: 2100000, guid: 119292335cf244ff8acf0d41cde74fa7, type: 2}
  m_StaticBatchInfo:
    firstSubMesh: 0
    subMeshCount: 0
  m_StaticBatchRoot: {fileID: 0}
  m_ProbeAnchor: {fileID: 0}
  m_LightProbeVolumeOverride: {fileID: 0}
  m_ScaleInLightmap: 1
  m_ReceiveGI: 1
  m_PreserveUVs: 0
  m_IgnoreNormalsForChartDetection: 0
  m_ImportantGI: 0
  m_StitchLightmapSeams: 1
  m_SelectedEditorRenderState: 3
  m_MinimumChartSize: 4
  m_AutoUVMaxDistance: 0.5
  m_AutoUVMaxAngle: 89
  m_LightmapParameters: {fileID: 0}
  m_SortingLayerID: 0
  m_SortingLayer: 0
  m_SortingOrder: 0
  serializedVersion: 2
  m_Quality: 0
  m_UpdateWhenOffscreen: 0
  m_SkinnedMotionVectors: 1
  m_Mesh: {fileID: -2056435201772775503, guid: 0930d9f8c877646a98e3112b18467208, type: 3}
  m_Bones:
  - {fileID: 7552988008787050064}
  - {fileID: 7027377034707305098}
  - {fileID: 8023458647939889274}
  - {fileID: 3107552116198401765}
  - {fileID: 6430408303422317745}
  - {fileID: 5367363191671149908}
  - {fileID: 1466215736299522600}
  - {fileID: 5760668258451192236}
  - {fileID: 4855529864348670119}
  - {fileID: 3934066062011844234}
  - {fileID: 250281926922031443}
  - {fileID: 6886986698998324206}
  - {fileID: 3790859917191556632}
  - {fileID: 4143002366198231114}
  - {fileID: 4379255859368388399}
  - {fileID: 5349495045719624370}
  - {fileID: 2129175296497209099}
  - {fileID: 8429229845175017503}
  - {fileID: 6275864672171736197}
  - {fileID: 7746136819485770458}
  - {fileID: 2812161912609043552}
  - {fileID: 8301813723997600667}
  - {fileID: 8342923910211713468}
  - {fileID: 3910368830536582368}
  - {fileID: 4422036556780018096}
  - {fileID: 4118935262031686709}
  - {fileID: 8888882625892930431}
  - {fileID: 2263595392590443380}
  - {fileID: 5569171307157890173}
  - {fileID: 6200897138028324182}
  - {fileID: 7690136415273646417}
  - {fileID: 7977264772497028457}
  - {fileID: 1177549772657713409}
  - {fileID: 2703902043817981149}
  - {fileID: 3326569744753702140}
  - {fileID: 6349772352914075054}
  - {fileID: 6284085209428899842}
  - {fileID: 2305361253736572423}
  - {fileID: 6333752257223059852}
  - {fileID: 2660449646389430151}
  - {fileID: 4017248782051935574}
  - {fileID: 6059278300439484129}
  - {fileID: 2926808451892956668}
  - {fileID: 3757236856783473153}
  - {fileID: 8555161012367650883}
  - {fileID: 2142255251736283399}
  - {fileID: 8866140236515487081}
  - {fileID: 6334029744069465906}
  - {fileID: 171990392479937108}
  - {fileID: 3345170937756458433}
  - {fileID: 2413226086662753082}
  - {fileID: 2697335230440364189}
  - {fileID: 5971998087268968592}
  - {fileID: 8103168148414629222}
  - {fileID: 275023580691714971}
  m_BlendShapeWeights: []
  m_RootBone: {fileID: 8023458647939889274}
  m_AABB:
    m_Center: {x: 0.0833264, y: 0.026601672, z: -0.08596331}
    m_Extent: {x: 0.9431817, y: 0.40972066, z: 0.5025046}
  m_DirtyAABB: 0
--- !u!1 &1122482180241260644
GameObject:
  m_ObjectHideFlags: 0
  m_CorrespondingSourceObject: {fileID: 0}
  m_PrefabInstance: {fileID: 0}
  m_PrefabAsset: {fileID: 0}
  serializedVersion: 6
  m_Component:
  - component: {fileID: 5971998087268968592}
  m_Layer: 0
  m_Name: lowerarm_twist_01_r
  m_TagString: Untagged
  m_Icon: {fileID: 0}
  m_NavMeshLayer: 0
  m_StaticEditorFlags: 0
  m_IsActive: 1
--- !u!4 &5971998087268968592
Transform:
  m_ObjectHideFlags: 0
  m_CorrespondingSourceObject: {fileID: 0}
  m_PrefabInstance: {fileID: 0}
  m_PrefabAsset: {fileID: 0}
  m_GameObject: {fileID: 1122482180241260644}
  m_LocalRotation: {x: -0.11762719, y: -0.000000018798401, z: 3.5238001e-10, w: 0.99305785}
  m_LocalPosition: {x: 0.13999996, y: 0.00000027656554, z: -0.00000015258789}
  m_LocalScale: {x: 1.0000001, y: 1.0000001, z: 1}
  m_ConstrainProportionsScale: 0
  m_Children: []
  m_Father: {fileID: 2697335230440364189}
  m_RootOrder: 1
  m_LocalEulerAnglesHint: {x: 0, y: 0, z: 0}
--- !u!1 &1372024807317590289
GameObject:
  m_ObjectHideFlags: 0
  m_CorrespondingSourceObject: {fileID: 0}
  m_PrefabInstance: {fileID: 0}
  m_PrefabAsset: {fileID: 0}
  serializedVersion: 6
  m_Component:
  - component: {fileID: 8429229845175017503}
  m_Layer: 0
  m_Name: ring_01_l
  m_TagString: Untagged
  m_Icon: {fileID: 0}
  m_NavMeshLayer: 0
  m_StaticEditorFlags: 0
  m_IsActive: 1
--- !u!4 &8429229845175017503
Transform:
  m_ObjectHideFlags: 0
  m_CorrespondingSourceObject: {fileID: 0}
  m_PrefabInstance: {fileID: 0}
  m_PrefabAsset: {fileID: 0}
  m_GameObject: {fileID: 1372024807317590289}
  m_LocalRotation: {x: -0.08359406, y: -0.13187754, z: -0.7683265, w: 0.6207212}
  m_LocalPosition: {x: -0.105608135, y: 0.014391785, z: 0.036498144}
  m_LocalScale: {x: 1.0000001, y: 1, z: 1}
  m_ConstrainProportionsScale: 0
  m_Children:
  - {fileID: 6275864672171736197}
  m_Father: {fileID: 6886986698998324206}
  m_RootOrder: 3
  m_LocalEulerAnglesHint: {x: 0, y: 0, z: 0}
--- !u!1 &1636192577603976991
GameObject:
  m_ObjectHideFlags: 0
  m_CorrespondingSourceObject: {fileID: 0}
  m_PrefabInstance: {fileID: 0}
  m_PrefabAsset: {fileID: 0}
  serializedVersion: 6
  m_Component:
  - component: {fileID: 2413226086662753082}
  m_Layer: 0
  m_Name: upperarm_r
  m_TagString: Untagged
  m_Icon: {fileID: 0}
  m_NavMeshLayer: 0
  m_StaticEditorFlags: 0
  m_IsActive: 1
--- !u!4 &2413226086662753082
Transform:
  m_ObjectHideFlags: 0
  m_CorrespondingSourceObject: {fileID: 0}
  m_PrefabInstance: {fileID: 0}
  m_PrefabAsset: {fileID: 0}
  m_GameObject: {fileID: 1636192577603976991}
  m_LocalRotation: {x: -0.02567408, y: -0.28397885, z: 0.7374867, w: 0.6122174}
  m_LocalPosition: {x: 0.21098548, y: 0.05911657, z: 0.048002165}
  m_LocalScale: {x: 1.0000001, y: 1, z: 1}
  m_ConstrainProportionsScale: 0
  m_Children:
  - {fileID: 2697335230440364189}
  m_Father: {fileID: 3345170937756458433}
  m_RootOrder: 0
  m_LocalEulerAnglesHint: {x: 0, y: 0, z: 0}
--- !u!1 &1648469118812795695
GameObject:
  m_ObjectHideFlags: 0
  m_CorrespondingSourceObject: {fileID: 0}
  m_PrefabInstance: {fileID: 0}
  m_PrefabAsset: {fileID: 0}
  serializedVersion: 6
  m_Component:
  - component: {fileID: 7027377034707305098}
  m_Layer: 0
  m_Name: spine_02
  m_TagString: Untagged
  m_Icon: {fileID: 0}
  m_NavMeshLayer: 0
  m_StaticEditorFlags: 0
  m_IsActive: 1
--- !u!4 &7027377034707305098
Transform:
  m_ObjectHideFlags: 0
  m_CorrespondingSourceObject: {fileID: 0}
  m_PrefabInstance: {fileID: 0}
  m_PrefabAsset: {fileID: 0}
  m_GameObject: {fileID: 1648469118812795695}
  m_LocalRotation: {x: 0.04517464, y: 0.024358753, z: -0.0637989, w: 0.9966422}
  m_LocalPosition: {x: -0.1887535, y: 0.038011625, z: 5.96483e-10}
  m_LocalScale: {x: 1.0000001, y: 1.0000001, z: 1}
  m_ConstrainProportionsScale: 0
  m_Children:
  - {fileID: 3107552116198401765}
  m_Father: {fileID: 7552988008787050064}
  m_RootOrder: 0
  m_LocalEulerAnglesHint: {x: 0, y: 0, z: 0}
--- !u!1 &1697198074968144805
GameObject:
  m_ObjectHideFlags: 0
  m_CorrespondingSourceObject: {fileID: 0}
  m_PrefabInstance: {fileID: 0}
  m_PrefabAsset: {fileID: 0}
  serializedVersion: 6
  m_Component:
  - component: {fileID: 6333752257223059852}
  m_Layer: 0
  m_Name: middle_02_r
  m_TagString: Untagged
  m_Icon: {fileID: 0}
  m_NavMeshLayer: 0
  m_StaticEditorFlags: 0
  m_IsActive: 1
--- !u!4 &6333752257223059852
Transform:
  m_ObjectHideFlags: 0
  m_CorrespondingSourceObject: {fileID: 0}
  m_PrefabInstance: {fileID: 0}
  m_PrefabAsset: {fileID: 0}
  m_GameObject: {fileID: 1697198074968144805}
  m_LocalRotation: {x: 0.017053062, y: -0.21907073, z: -0.59629804, w: 0.77210474}
  m_LocalPosition: {x: 0.04315857, y: 0.015259705, z: -0.0030787278}
  m_LocalScale: {x: 1, y: 1.0000001, z: 1}
  m_ConstrainProportionsScale: 0
  m_Children:
  - {fileID: 2660449646389430151}
  m_Father: {fileID: 2305361253736572423}
  m_RootOrder: 0
  m_LocalEulerAnglesHint: {x: 0, y: 0, z: 0}
--- !u!1 &1795860874943810612
GameObject:
  m_ObjectHideFlags: 0
  m_CorrespondingSourceObject: {fileID: 0}
  m_PrefabInstance: {fileID: 0}
  m_PrefabAsset: {fileID: 0}
  serializedVersion: 6
  m_Component:
  - component: {fileID: 2660449646389430151}
  m_Layer: 0
  m_Name: middle_03_r
  m_TagString: Untagged
  m_Icon: {fileID: 0}
  m_NavMeshLayer: 0
  m_StaticEditorFlags: 0
  m_IsActive: 1
--- !u!4 &2660449646389430151
Transform:
  m_ObjectHideFlags: 0
  m_CorrespondingSourceObject: {fileID: 0}
  m_PrefabInstance: {fileID: 0}
  m_PrefabAsset: {fileID: 0}
  m_GameObject: {fileID: 1795860874943810612}
  m_LocalRotation: {x: 0.0016214257, y: 0.038866997, z: 0.13362356, w: 0.9902684}
  m_LocalPosition: {x: 0.04151993, y: 0.011294708, z: -0.002742691}
  m_LocalScale: {x: 0.9999999, y: 0.9999999, z: 0.99999994}
  m_ConstrainProportionsScale: 0
  m_Children: []
  m_Father: {fileID: 6333752257223059852}
  m_RootOrder: 0
  m_LocalEulerAnglesHint: {x: 0, y: 0, z: 0}
--- !u!1 &2180745525159993146
GameObject:
  m_ObjectHideFlags: 0
  m_CorrespondingSourceObject: {fileID: 0}
  m_PrefabInstance: {fileID: 0}
  m_PrefabAsset: {fileID: 0}
  serializedVersion: 6
  m_Component:
  - component: {fileID: 2812161912609043552}
  m_Layer: 0
  m_Name: pinky_01_l
  m_TagString: Untagged
  m_Icon: {fileID: 0}
  m_NavMeshLayer: 0
  m_StaticEditorFlags: 0
  m_IsActive: 1
--- !u!4 &2812161912609043552
Transform:
  m_ObjectHideFlags: 0
  m_CorrespondingSourceObject: {fileID: 0}
  m_PrefabInstance: {fileID: 0}
  m_PrefabAsset: {fileID: 0}
  m_GameObject: {fileID: 2180745525159993146}
  m_LocalRotation: {x: -0.11886996, y: -0.11018776, z: -0.75167686, w: 0.6393047}
  m_LocalPosition: {x: -0.09305725, y: 0.030787352, z: 0.05145336}
  m_LocalScale: {x: 1.0000002, y: 0.9999999, z: 1}
  m_ConstrainProportionsScale: 0
  m_Children:
  - {fileID: 8301813723997600667}
  m_Father: {fileID: 6886986698998324206}
  m_RootOrder: 2
  m_LocalEulerAnglesHint: {x: 0, y: 0, z: 0}
--- !u!1 &2288604515124312384
GameObject:
  m_ObjectHideFlags: 0
  m_CorrespondingSourceObject: {fileID: 0}
  m_PrefabInstance: {fileID: 0}
  m_PrefabAsset: {fileID: 0}
  serializedVersion: 6
  m_Component:
  - component: {fileID: 8888882625892930431}
  m_Layer: 0
  m_Name: clavicle_l
  m_TagString: Untagged
  m_Icon: {fileID: 0}
  m_NavMeshLayer: 0
  m_StaticEditorFlags: 0
  m_IsActive: 1
--- !u!4 &8888882625892930431
Transform:
  m_ObjectHideFlags: 0
  m_CorrespondingSourceObject: {fileID: 0}
  m_PrefabInstance: {fileID: 0}
  m_PrefabAsset: {fileID: 0}
  m_GameObject: {fileID: 2288604515124312384}
  m_LocalRotation: {x: 0.22527021, y: -0.7831469, z: -0.08748733, w: 0.5729574}
  m_LocalPosition: {x: -0.118836515, y: -0.0273209, z: -0.03781983}
  m_LocalScale: {x: 1, y: 1, z: 1}
  m_ConstrainProportionsScale: 0
  m_Children:
  - {fileID: 6200897138028324182}
  m_Father: {fileID: 3107552116198401765}
  m_RootOrder: 0
  m_LocalEulerAnglesHint: {x: 0, y: 0, z: 0}
--- !u!1 &2463749998316414832
GameObject:
  m_ObjectHideFlags: 0
  m_CorrespondingSourceObject: {fileID: 0}
  m_PrefabInstance: {fileID: 0}
  m_PrefabAsset: {fileID: 0}
  serializedVersion: 6
  m_Component:
  - component: {fileID: 8301813723997600667}
  m_Layer: 0
  m_Name: pinky_02_l
  m_TagString: Untagged
  m_Icon: {fileID: 0}
  m_NavMeshLayer: 0
  m_StaticEditorFlags: 0
  m_IsActive: 1
--- !u!4 &8301813723997600667
Transform:
  m_ObjectHideFlags: 0
  m_CorrespondingSourceObject: {fileID: 0}
  m_PrefabInstance: {fileID: 0}
  m_PrefabAsset: {fileID: 0}
  m_GameObject: {fileID: 2463749998316414832}
  m_LocalRotation: {x: -0.026347414, y: -0.037292548, z: -0.70495933, w: 0.70777637}
  m_LocalPosition: {x: -0.027408142, y: -0.0016534424, z: 0.0034724043}
  m_LocalScale: {x: 1.0000001, y: 0.99999994, z: 0.99999994}
  m_ConstrainProportionsScale: 0
  m_Children:
  - {fileID: 8342923910211713468}
  m_Father: {fileID: 2812161912609043552}
  m_RootOrder: 0
  m_LocalEulerAnglesHint: {x: 0, y: 0, z: 0}
--- !u!1 &2673395520573386208
GameObject:
  m_ObjectHideFlags: 0
  m_CorrespondingSourceObject: {fileID: 0}
  m_PrefabInstance: {fileID: 0}
  m_PrefabAsset: {fileID: 0}
  serializedVersion: 6
  m_Component:
  - component: {fileID: 2703902043817981149}
  m_Layer: 0
  m_Name: index_01_r
  m_TagString: Untagged
  m_Icon: {fileID: 0}
  m_NavMeshLayer: 0
  m_StaticEditorFlags: 0
  m_IsActive: 1
--- !u!4 &2703902043817981149
Transform:
  m_ObjectHideFlags: 0
  m_CorrespondingSourceObject: {fileID: 0}
  m_PrefabInstance: {fileID: 0}
  m_PrefabAsset: {fileID: 0}
  m_GameObject: {fileID: 2673395520573386208}
  m_LocalRotation: {x: 0.09913271, y: -0.2805553, z: -0.79806376, w: 0.52398074}
  m_LocalPosition: {x: 0.11946815, y: 0.0008163452, z: 0.024127921}
  m_LocalScale: {x: 0.9999999, y: 0.99999994, z: 0.9999998}
  m_ConstrainProportionsScale: 0
  m_Children:
  - {fileID: 6349772352914075054}
  m_Father: {fileID: 3326569744753702140}
  m_RootOrder: 0
  m_LocalEulerAnglesHint: {x: 0, y: 0, z: 0}
--- !u!1 &2728112371738479562
GameObject:
  m_ObjectHideFlags: 0
  m_CorrespondingSourceObject: {fileID: 0}
  m_PrefabInstance: {fileID: 0}
  m_PrefabAsset: {fileID: 0}
  serializedVersion: 6
  m_Component:
  - component: {fileID: 8866140236515487081}
  m_Layer: 0
  m_Name: thumb_02_r
  m_TagString: Untagged
  m_Icon: {fileID: 0}
  m_NavMeshLayer: 0
  m_StaticEditorFlags: 0
  m_IsActive: 1
--- !u!4 &8866140236515487081
Transform:
  m_ObjectHideFlags: 0
  m_CorrespondingSourceObject: {fileID: 0}
  m_PrefabInstance: {fileID: 0}
  m_PrefabAsset: {fileID: 0}
  m_GameObject: {fileID: 2728112371738479562}
  m_LocalRotation: {x: 0.07984723, y: -0.38207588, z: -0.415303, w: 0.8216848}
  m_LocalPosition: {x: 0.038920667, y: -0.000077781675, z: 0.0004156494}
  m_LocalScale: {x: 1, y: 1, z: 1.0000001}
  m_ConstrainProportionsScale: 0
  m_Children:
  - {fileID: 171990392479937108}
  m_Father: {fileID: 6334029744069465906}
  m_RootOrder: 0
  m_LocalEulerAnglesHint: {x: 0, y: 0, z: 0}
--- !u!1 &2857386121634783714
GameObject:
  m_ObjectHideFlags: 0
  m_CorrespondingSourceObject: {fileID: 0}
  m_PrefabInstance: {fileID: 0}
  m_PrefabAsset: {fileID: 0}
  serializedVersion: 6
  m_Component:
  - component: {fileID: 3757236856783473153}
  m_Layer: 0
  m_Name: pinky_01_r
  m_TagString: Untagged
  m_Icon: {fileID: 0}
  m_NavMeshLayer: 0
  m_StaticEditorFlags: 0
  m_IsActive: 1
--- !u!4 &3757236856783473153
Transform:
  m_ObjectHideFlags: 0
  m_CorrespondingSourceObject: {fileID: 0}
  m_PrefabInstance: {fileID: 0}
  m_PrefabAsset: {fileID: 0}
  m_GameObject: {fileID: 2857386121634783714}
  m_LocalRotation: {x: -0.14326586, y: -0.13543808, z: -0.76372874, w: 0.614695}
  m_LocalPosition: {x: 0.09305618, y: -0.030787658, z: -0.051453743}
  m_LocalScale: {x: 1, y: 1.0000001, z: 0.99999994}
  m_ConstrainProportionsScale: 0
  m_Children:
  - {fileID: 8555161012367650883}
  m_Father: {fileID: 3326569744753702140}
  m_RootOrder: 2
  m_LocalEulerAnglesHint: {x: 0, y: 0, z: 0}
--- !u!1 &3152676365706436927
GameObject:
  m_ObjectHideFlags: 0
  m_CorrespondingSourceObject: {fileID: 0}
  m_PrefabInstance: {fileID: 0}
  m_PrefabAsset: {fileID: 0}
  serializedVersion: 6
  m_Component:
  - component: {fileID: 3910368830536582368}
  m_Layer: 0
  m_Name: thumb_02_l
  m_TagString: Untagged
  m_Icon: {fileID: 0}
  m_NavMeshLayer: 0
  m_StaticEditorFlags: 0
  m_IsActive: 1
--- !u!4 &3910368830536582368
Transform:
  m_ObjectHideFlags: 0
  m_CorrespondingSourceObject: {fileID: 0}
  m_PrefabInstance: {fileID: 0}
  m_PrefabAsset: {fileID: 0}
  m_GameObject: {fileID: 3152676365706436927}
  m_LocalRotation: {x: 0.15357348, y: -0.14544006, z: -0.49975425, w: 0.83994526}
  m_LocalPosition: {x: -0.038920667, y: 0.00007774353, z: -0.00041549682}
  m_LocalScale: {x: 1.0000001, y: 0.99999994, z: 1}
  m_ConstrainProportionsScale: 0
  m_Children:
  - {fileID: 4118935262031686709}
  m_Father: {fileID: 4422036556780018096}
  m_RootOrder: 0
  m_LocalEulerAnglesHint: {x: 0, y: 0, z: 0}
--- !u!1 &3246559475549117684
GameObject:
  m_ObjectHideFlags: 0
  m_CorrespondingSourceObject: {fileID: 0}
  m_PrefabInstance: {fileID: 0}
  m_PrefabAsset: {fileID: 0}
  serializedVersion: 6
  m_Component:
  - component: {fileID: 5569171307157890173}
  m_Layer: 0
  m_Name: neck_01
  m_TagString: Untagged
  m_Icon: {fileID: 0}
  m_NavMeshLayer: 0
  m_StaticEditorFlags: 0
  m_IsActive: 1
--- !u!4 &5569171307157890173
Transform:
  m_ObjectHideFlags: 0
  m_CorrespondingSourceObject: {fileID: 0}
  m_PrefabInstance: {fileID: 0}
  m_PrefabAsset: {fileID: 0}
  m_GameObject: {fileID: 3246559475549117684}
  m_LocalRotation: {x: 0.057582274, y: -0.07040877, z: 0.28461838, w: 0.95431614}
  m_LocalPosition: {x: -0.16558762, y: -0.0035532187, z: -5.966012e-10}
  m_LocalScale: {x: 1, y: 1, z: 1}
  m_ConstrainProportionsScale: 0
  m_Children:
  - {fileID: 7977264772497028457}
  m_Father: {fileID: 3107552116198401765}
  m_RootOrder: 2
  m_LocalEulerAnglesHint: {x: 0, y: 0, z: 0}
--- !u!1 &3903958062502599368
GameObject:
  m_ObjectHideFlags: 0
  m_CorrespondingSourceObject: {fileID: 0}
  m_PrefabInstance: {fileID: 0}
  m_PrefabAsset: {fileID: 0}
  serializedVersion: 6
  m_Component:
  - component: {fileID: 4017248782051935574}
  m_Layer: 0
  m_Name: ring_02_r
  m_TagString: Untagged
  m_Icon: {fileID: 0}
  m_NavMeshLayer: 0
  m_StaticEditorFlags: 0
  m_IsActive: 1
--- !u!4 &4017248782051935574
Transform:
  m_ObjectHideFlags: 0
  m_CorrespondingSourceObject: {fileID: 0}
  m_PrefabInstance: {fileID: 0}
  m_PrefabAsset: {fileID: 0}
  m_GameObject: {fileID: 3903958062502599368}
  m_LocalRotation: {x: 0.00036960008, y: -0.05997021, z: -0.7058075, w: 0.7058606}
  m_LocalPosition: {x: 0.03455368, y: 0.0041822814, z: -0.0012444889}
  m_LocalScale: {x: 1.0000001, y: 1, z: 1.0000001}
  m_ConstrainProportionsScale: 0
  m_Children:
  - {fileID: 2926808451892956668}
  m_Father: {fileID: 6059278300439484129}
  m_RootOrder: 0
  m_LocalEulerAnglesHint: {x: 0, y: 0, z: 0}
--- !u!1 &3927655343314804842
GameObject:
  m_ObjectHideFlags: 0
  m_CorrespondingSourceObject: {fileID: 0}
  m_PrefabInstance: {fileID: 0}
  m_PrefabAsset: {fileID: 0}
  serializedVersion: 6
  m_Component:
  - component: {fileID: 2142255251736283399}
  m_Layer: 0
  m_Name: pinky_03_r
  m_TagString: Untagged
  m_Icon: {fileID: 0}
  m_NavMeshLayer: 0
  m_StaticEditorFlags: 0
  m_IsActive: 1
--- !u!4 &2142255251736283399
Transform:
  m_ObjectHideFlags: 0
  m_CorrespondingSourceObject: {fileID: 0}
  m_PrefabInstance: {fileID: 0}
  m_PrefabAsset: {fileID: 0}
  m_GameObject: {fileID: 3927655343314804842}
  m_LocalRotation: {x: 0.0043685483, y: 0.053433936, z: -0.009261768, w: 0.9985189}
  m_LocalPosition: {x: 0.022089386, y: -0.00023574829, z: -0.0014160824}
  m_LocalScale: {x: 0.9999999, y: 0.99999994, z: 0.9999999}
  m_ConstrainProportionsScale: 0
  m_Children: []
  m_Father: {fileID: 8555161012367650883}
  m_RootOrder: 0
  m_LocalEulerAnglesHint: {x: 0, y: 0, z: 0}
--- !u!1 &3930659296280215046
GameObject:
  m_ObjectHideFlags: 0
  m_CorrespondingSourceObject: {fileID: 0}
  m_PrefabInstance: {fileID: 0}
  m_PrefabAsset: {fileID: 0}
  serializedVersion: 6
  m_Component:
  - component: {fileID: 8342923910211713468}
  m_Layer: 0
  m_Name: pinky_03_l
  m_TagString: Untagged
  m_Icon: {fileID: 0}
  m_NavMeshLayer: 0
  m_StaticEditorFlags: 0
  m_IsActive: 1
--- !u!4 &8342923910211713468
Transform:
  m_ObjectHideFlags: 0
  m_CorrespondingSourceObject: {fileID: 0}
  m_PrefabInstance: {fileID: 0}
  m_PrefabAsset: {fileID: 0}
  m_GameObject: {fileID: 3930659296280215046}
  m_LocalRotation: {x: 0.0041354937, y: 0.027277328, z: -0.009169614, w: 0.9995773}
  m_LocalPosition: {x: -0.022089386, y: 0.0002355957, z: 0.0014160728}
  m_LocalScale: {x: 0.99999994, y: 1, z: 0.99999994}
  m_ConstrainProportionsScale: 0
  m_Children: []
  m_Father: {fileID: 8301813723997600667}
  m_RootOrder: 0
  m_LocalEulerAnglesHint: {x: 0, y: 0, z: 0}
--- !u!1 &3992662698611503120
GameObject:
  m_ObjectHideFlags: 0
  m_CorrespondingSourceObject: {fileID: 0}
  m_PrefabInstance: {fileID: 0}
  m_PrefabAsset: {fileID: 0}
  serializedVersion: 6
  m_Component:
  - component: {fileID: 3934066062011844234}
  m_Layer: 0
  m_Name: foot_r
  m_TagString: Untagged
  m_Icon: {fileID: 0}
  m_NavMeshLayer: 0
  m_StaticEditorFlags: 0
  m_IsActive: 1
--- !u!4 &3934066062011844234
Transform:
  m_ObjectHideFlags: 0
  m_CorrespondingSourceObject: {fileID: 0}
  m_PrefabInstance: {fileID: 0}
  m_PrefabAsset: {fileID: 0}
  m_GameObject: {fileID: 3992662698611503120}
  m_LocalRotation: {x: -0.022602929, y: -0.05678162, z: 0.040570594, w: 0.99730587}
  m_LocalPosition: {x: -0.40196812, y: 0.000000028610229, z: -0.000000095367426}
  m_LocalScale: {x: 1, y: 0.9999999, z: 0.99999994}
  m_ConstrainProportionsScale: 0
  m_Children:
  - {fileID: 275023580691714971}
  m_Father: {fileID: 4855529864348670119}
  m_RootOrder: 0
  m_LocalEulerAnglesHint: {x: 0, y: 0, z: 0}
--- !u!1 &3997431134792817429
GameObject:
  m_ObjectHideFlags: 0
  m_CorrespondingSourceObject: {fileID: 0}
  m_PrefabInstance: {fileID: 0}
  m_PrefabAsset: {fileID: 0}
  serializedVersion: 6
  m_Component:
  - component: {fileID: 2926808451892956668}
  m_Layer: 0
  m_Name: ring_03_r
  m_TagString: Untagged
  m_Icon: {fileID: 0}
  m_NavMeshLayer: 0
  m_StaticEditorFlags: 0
  m_IsActive: 1
--- !u!4 &2926808451892956668
Transform:
  m_ObjectHideFlags: 0
  m_CorrespondingSourceObject: {fileID: 0}
  m_PrefabInstance: {fileID: 0}
  m_PrefabAsset: {fileID: 0}
  m_GameObject: {fileID: 3997431134792817429}
  m_LocalRotation: {x: -0.00019887404, y: -0.026257776, z: 0.11221292, w: 0.9933372}
  m_LocalPosition: {x: 0.033596877, y: 0.008542175, z: -0.00052521704}
  m_LocalScale: {x: 1, y: 0.99999994, z: 1}
  m_ConstrainProportionsScale: 0
  m_Children: []
  m_Father: {fileID: 4017248782051935574}
  m_RootOrder: 0
  m_LocalEulerAnglesHint: {x: 0, y: 0, z: 0}
--- !u!1 &4053573595966816565
GameObject:
  m_ObjectHideFlags: 0
  m_CorrespondingSourceObject: {fileID: 0}
  m_PrefabInstance: {fileID: 0}
  m_PrefabAsset: {fileID: 0}
  serializedVersion: 6
  m_Component:
  - component: {fileID: 7746136819485770458}
  m_Layer: 0
  m_Name: ring_03_l
  m_TagString: Untagged
  m_Icon: {fileID: 0}
  m_NavMeshLayer: 0
  m_StaticEditorFlags: 0
  m_IsActive: 1
--- !u!4 &7746136819485770458
Transform:
  m_ObjectHideFlags: 0
  m_CorrespondingSourceObject: {fileID: 0}
  m_PrefabInstance: {fileID: 0}
  m_PrefabAsset: {fileID: 0}
  m_GameObject: {fileID: 4053573595966816565}
  m_LocalRotation: {x: -0.00019888203, y: -0.026257772, z: 0.11221287, w: 0.9933372}
  m_LocalPosition: {x: -0.033596803, y: -0.008542175, z: 0.0005252159}
  m_LocalScale: {x: 0.9999999, y: 0.9999999, z: 0.99999976}
  m_ConstrainProportionsScale: 0
  m_Children: []
  m_Father: {fileID: 6275864672171736197}
  m_RootOrder: 0
  m_LocalEulerAnglesHint: {x: 0, y: 0, z: 0}
--- !u!1 &4288601811184899168
GameObject:
  m_ObjectHideFlags: 0
  m_CorrespondingSourceObject: {fileID: 0}
  m_PrefabInstance: {fileID: 0}
  m_PrefabAsset: {fileID: 0}
  serializedVersion: 6
  m_Component:
  - component: {fileID: 8103168148414629222}
  m_Layer: 0
  m_Name: ball_l
  m_TagString: Untagged
  m_Icon: {fileID: 0}
  m_NavMeshLayer: 0
  m_StaticEditorFlags: 0
  m_IsActive: 1
--- !u!4 &8103168148414629222
Transform:
  m_ObjectHideFlags: 0
  m_CorrespondingSourceObject: {fileID: 0}
  m_PrefabInstance: {fileID: 0}
  m_PrefabAsset: {fileID: 0}
  m_GameObject: {fileID: 4288601811184899168}
  m_LocalRotation: {x: 0.00008007931, y: -0.000029596098, z: 0.7186339, w: 0.6953886}
  m_LocalPosition: {x: 0.10456713, y: -0.16353379, z: 0.00069929124}
  m_LocalScale: {x: 1, y: 1.0000001, z: 1}
  m_ConstrainProportionsScale: 0
  m_Children: []
  m_Father: {fileID: 5760668258451192236}
  m_RootOrder: 0
  m_LocalEulerAnglesHint: {x: 0, y: 0, z: 0}
--- !u!1 &4610763219784171106
GameObject:
  m_ObjectHideFlags: 0
  m_CorrespondingSourceObject: {fileID: 0}
  m_PrefabInstance: {fileID: 0}
  m_PrefabAsset: {fileID: 0}
  serializedVersion: 6
  m_Component:
  - component: {fileID: 4379255859368388399}
  m_Layer: 0
  m_Name: middle_01_l
  m_TagString: Untagged
  m_Icon: {fileID: 0}
  m_NavMeshLayer: 0
  m_StaticEditorFlags: 0
  m_IsActive: 1
--- !u!4 &4379255859368388399
Transform:
  m_ObjectHideFlags: 0
  m_CorrespondingSourceObject: {fileID: 0}
  m_PrefabInstance: {fileID: 0}
  m_PrefabAsset: {fileID: 0}
  m_GameObject: {fileID: 4610763219784171106}
  m_LocalRotation: {x: 0.020181725, y: -0.22703627, z: -0.81312627, w: 0.5356052}
  m_LocalPosition: {x: -0.118368454, y: 0.004738159, z: 0.005433998}
  m_LocalScale: {x: 1.0000001, y: 0.99999994, z: 1}
  m_ConstrainProportionsScale: 0
  m_Children:
  - {fileID: 5349495045719624370}
  m_Father: {fileID: 6886986698998324206}
  m_RootOrder: 1
  m_LocalEulerAnglesHint: {x: 0, y: 0, z: 0}
--- !u!1 &4643961609753910129
GameObject:
  m_ObjectHideFlags: 0
  m_CorrespondingSourceObject: {fileID: 0}
  m_PrefabInstance: {fileID: 0}
  m_PrefabAsset: {fileID: 0}
  serializedVersion: 6
  m_Component:
  - component: {fileID: 7977264772497028457}
  m_Layer: 0
  m_Name: head
  m_TagString: Untagged
  m_Icon: {fileID: 0}
  m_NavMeshLayer: 0
  m_StaticEditorFlags: 0
  m_IsActive: 1
--- !u!4 &7977264772497028457
Transform:
  m_ObjectHideFlags: 0
  m_CorrespondingSourceObject: {fileID: 0}
  m_PrefabInstance: {fileID: 0}
  m_PrefabAsset: {fileID: 0}
  m_GameObject: {fileID: 4643961609753910129}
  m_LocalRotation: {x: 0.30466738, y: -0.062050592, z: -0.16595864, w: 0.935834}
  m_LocalPosition: {x: -0.061555173, y: -0.0041734693, z: -0.0000000038372856}
  m_LocalScale: {x: 1, y: 1, z: 1}
  m_ConstrainProportionsScale: 0
  m_Children:
  - {fileID: 2263595392590443380}
  m_Father: {fileID: 5569171307157890173}
  m_RootOrder: 0
  m_LocalEulerAnglesHint: {x: 0, y: 0, z: 0}
--- !u!1 &4960122238361973949
GameObject:
  m_ObjectHideFlags: 0
  m_CorrespondingSourceObject: {fileID: 0}
  m_PrefabInstance: {fileID: 0}
  m_PrefabAsset: {fileID: 0}
  serializedVersion: 6
  m_Component:
  - component: {fileID: 2305361253736572423}
  m_Layer: 0
  m_Name: middle_01_r
  m_TagString: Untagged
  m_Icon: {fileID: 0}
  m_NavMeshLayer: 0
  m_StaticEditorFlags: 0
  m_IsActive: 1
--- !u!4 &2305361253736572423
Transform:
  m_ObjectHideFlags: 0
  m_CorrespondingSourceObject: {fileID: 0}
  m_PrefabInstance: {fileID: 0}
  m_PrefabAsset: {fileID: 0}
  m_GameObject: {fileID: 4960122238361973949}
  m_LocalRotation: {x: 0.019108826, y: -0.23174834, z: -0.8267438, w: 0.5122717}
  m_LocalPosition: {x: 0.118367456, y: -0.0047383117, z: -0.005434456}
  m_LocalScale: {x: 0.9999998, y: 0.99999994, z: 0.99999994}
  m_ConstrainProportionsScale: 0
  m_Children:
  - {fileID: 6333752257223059852}
  m_Father: {fileID: 3326569744753702140}
  m_RootOrder: 1
  m_LocalEulerAnglesHint: {x: 0, y: 0, z: 0}
--- !u!1 &5317795308682347571
GameObject:
  m_ObjectHideFlags: 0
  m_CorrespondingSourceObject: {fileID: 0}
  m_PrefabInstance: {fileID: 0}
  m_PrefabAsset: {fileID: 0}
  serializedVersion: 6
  m_Component:
  - component: {fileID: 5538320403358681271}
  m_Layer: 0
  m_Name: root
  m_TagString: Untagged
  m_Icon: {fileID: 0}
  m_NavMeshLayer: 0
  m_StaticEditorFlags: 0
  m_IsActive: 1
--- !u!4 &5538320403358681271
Transform:
  m_ObjectHideFlags: 0
  m_CorrespondingSourceObject: {fileID: 0}
  m_PrefabInstance: {fileID: 0}
  m_PrefabAsset: {fileID: 0}
  m_GameObject: {fileID: 5317795308682347571}
  m_LocalRotation: {x: -0.618863, y: 0.36743233, z: 0.46520334, w: 0.51535225}
  m_LocalPosition: {x: 0.24377783, y: 0.034760512, z: 0.03588477}
  m_LocalScale: {x: 1, y: 1, z: 1}
  m_ConstrainProportionsScale: 0
  m_Children:
  - {fileID: 8023458647939889274}
  m_Father: {fileID: 8557995236461937443}
  m_RootOrder: 2
  m_LocalEulerAnglesHint: {x: 0, y: 0, z: 0}
--- !u!1 &5363608734762088475
GameObject:
  m_ObjectHideFlags: 0
  m_CorrespondingSourceObject: {fileID: 0}
  m_PrefabInstance: {fileID: 0}
  m_PrefabAsset: {fileID: 0}
  serializedVersion: 6
  m_Component:
  - component: {fileID: 5349495045719624370}
  m_Layer: 0
  m_Name: middle_02_l
  m_TagString: Untagged
  m_Icon: {fileID: 0}
  m_NavMeshLayer: 0
  m_StaticEditorFlags: 0
  m_IsActive: 1
--- !u!4 &5349495045719624370
Transform:
  m_ObjectHideFlags: 0
  m_CorrespondingSourceObject: {fileID: 0}
  m_PrefabInstance: {fileID: 0}
  m_PrefabAsset: {fileID: 0}
  m_GameObject: {fileID: 5363608734762088475}
  m_LocalRotation: {x: 0.020650918, y: -0.2423607, z: -0.6633994, w: 0.7076272}
  m_LocalPosition: {x: -0.043158606, y: -0.015259552, z: 0.0030787278}
  m_LocalScale: {x: 1.0000001, y: 1, z: 0.99999994}
  m_ConstrainProportionsScale: 0
  m_Children:
  - {fileID: 2129175296497209099}
  m_Father: {fileID: 4379255859368388399}
  m_RootOrder: 0
  m_LocalEulerAnglesHint: {x: 0, y: 0, z: 0}
--- !u!1 &5694129687008532116
GameObject:
  m_ObjectHideFlags: 0
  m_CorrespondingSourceObject: {fileID: 0}
  m_PrefabInstance: {fileID: 0}
  m_PrefabAsset: {fileID: 0}
  serializedVersion: 6
  m_Component:
  - component: {fileID: 275023580691714971}
  m_Layer: 0
  m_Name: ball_r
  m_TagString: Untagged
  m_Icon: {fileID: 0}
  m_NavMeshLayer: 0
  m_StaticEditorFlags: 0
  m_IsActive: 1
--- !u!4 &275023580691714971
Transform:
  m_ObjectHideFlags: 0
  m_CorrespondingSourceObject: {fileID: 0}
  m_PrefabInstance: {fileID: 0}
  m_PrefabAsset: {fileID: 0}
  m_GameObject: {fileID: 5694129687008532116}
  m_LocalRotation: {x: 0.00008007215, y: -0.00002959046, z: 0.7186339, w: 0.6953886}
  m_LocalPosition: {x: -0.104566924, y: 0.16353321, z: -0.00069927215}
  m_LocalScale: {x: 1, y: 1.0000001, z: 1.0000001}
  m_ConstrainProportionsScale: 0
  m_Children: []
  m_Father: {fileID: 3934066062011844234}
  m_RootOrder: 0
  m_LocalEulerAnglesHint: {x: 0, y: 0, z: 0}
--- !u!1 &5717579404303964778
GameObject:
  m_ObjectHideFlags: 0
  m_CorrespondingSourceObject: {fileID: 0}
  m_PrefabInstance: {fileID: 0}
  m_PrefabAsset: {fileID: 0}
  serializedVersion: 6
  m_Component:
  - component: {fileID: 7552988008787050064}
  m_Layer: 0
  m_Name: spine_01
  m_TagString: Untagged
  m_Icon: {fileID: 0}
  m_NavMeshLayer: 0
  m_StaticEditorFlags: 0
  m_IsActive: 1
--- !u!4 &7552988008787050064
Transform:
  m_ObjectHideFlags: 0
  m_CorrespondingSourceObject: {fileID: 0}
  m_PrefabInstance: {fileID: 0}
  m_PrefabAsset: {fileID: 0}
  m_GameObject: {fileID: 5717579404303964778}
  m_LocalRotation: {x: 0.026959263, y: -0.007838449, z: 0.09149172, w: 0.99541}
  m_LocalPosition: {x: -0.10808876, y: -0.00851415, z: 6.366463e-14}
  m_LocalScale: {x: 1, y: 1, z: 1}
  m_ConstrainProportionsScale: 0
  m_Children:
  - {fileID: 7027377034707305098}
  m_Father: {fileID: 8023458647939889274}
  m_RootOrder: 0
  m_LocalEulerAnglesHint: {x: 0, y: 0, z: 0}
--- !u!1 &5774317723694708242
GameObject:
  m_ObjectHideFlags: 0
  m_CorrespondingSourceObject: {fileID: 0}
  m_PrefabInstance: {fileID: 0}
  m_PrefabAsset: {fileID: 0}
  serializedVersion: 6
  m_Component:
  - component: {fileID: 1466215736299522600}
  m_Layer: 0
  m_Name: calf_l
  m_TagString: Untagged
  m_Icon: {fileID: 0}
  m_NavMeshLayer: 0
  m_StaticEditorFlags: 0
  m_IsActive: 1
--- !u!4 &1466215736299522600
Transform:
  m_ObjectHideFlags: 0
  m_CorrespondingSourceObject: {fileID: 0}
  m_PrefabInstance: {fileID: 0}
  m_PrefabAsset: {fileID: 0}
  m_GameObject: {fileID: 5774317723694708242}
  m_LocalRotation: {x: -0.12336378, y: -0.011288849, z: 0.3368783, w: 0.93336326}
  m_LocalPosition: {x: 0.42572036, y: -5.9604643e-10, z: 0}
  m_LocalScale: {x: 1, y: 1, z: 1}
  m_ConstrainProportionsScale: 0
  m_Children:
  - {fileID: 5760668258451192236}
  m_Father: {fileID: 6430408303422317745}
  m_RootOrder: 0
  m_LocalEulerAnglesHint: {x: 0, y: 0, z: 0}
--- !u!1 &5932588958435563842
GameObject:
  m_ObjectHideFlags: 0
  m_CorrespondingSourceObject: {fileID: 0}
  m_PrefabInstance: {fileID: 0}
  m_PrefabAsset: {fileID: 0}
  serializedVersion: 6
  m_Component:
  - component: {fileID: 3107552116198401765}
  m_Layer: 0
  m_Name: spine_03
  m_TagString: Untagged
  m_Icon: {fileID: 0}
  m_NavMeshLayer: 0
  m_StaticEditorFlags: 0
  m_IsActive: 1
--- !u!4 &3107552116198401765
Transform:
  m_ObjectHideFlags: 0
  m_CorrespondingSourceObject: {fileID: 0}
  m_PrefabInstance: {fileID: 0}
  m_PrefabAsset: {fileID: 0}
  m_GameObject: {fileID: 5932588958435563842}
  m_LocalRotation: {x: 0.04047545, y: 0.030630706, z: 0.034982465, w: 0.9980981}
  m_LocalPosition: {x: -0.13407294, y: 0.004204769, z: -1.8189894e-14}
  m_LocalScale: {x: 1.0000001, y: 1.0000001, z: 1}
  m_ConstrainProportionsScale: 0
  m_Children:
  - {fileID: 8888882625892930431}
  - {fileID: 3345170937756458433}
  - {fileID: 5569171307157890173}
  m_Father: {fileID: 7027377034707305098}
  m_RootOrder: 0
  m_LocalEulerAnglesHint: {x: 0, y: 0, z: 0}
--- !u!1 &5980555426412087117
GameObject:
  m_ObjectHideFlags: 0
  m_CorrespondingSourceObject: {fileID: 0}
  m_PrefabInstance: {fileID: 0}
  m_PrefabAsset: {fileID: 0}
  serializedVersion: 6
  m_Component:
  - component: {fileID: 6334029744069465906}
  m_Layer: 0
  m_Name: thumb_01_r
  m_TagString: Untagged
  m_Icon: {fileID: 0}
  m_NavMeshLayer: 0
  m_StaticEditorFlags: 0
  m_IsActive: 1
--- !u!4 &6334029744069465906
Transform:
  m_ObjectHideFlags: 0
  m_CorrespondingSourceObject: {fileID: 0}
  m_PrefabInstance: {fileID: 0}
  m_PrefabAsset: {fileID: 0}
  m_GameObject: {fileID: 5980555426412087117}
  m_LocalRotation: {x: 0.760502, y: -0.35303876, z: 0.00397603, w: 0.544963}
  m_LocalPosition: {x: 0.03110794, y: -0.017973175, z: 0.06291481}
  m_LocalScale: {x: 0.9999999, y: 0.9999999, z: 0.9999999}
  m_ConstrainProportionsScale: 0
  m_Children:
  - {fileID: 8866140236515487081}
  m_Father: {fileID: 3326569744753702140}
  m_RootOrder: 4
  m_LocalEulerAnglesHint: {x: 0, y: 0, z: 0}
--- !u!1 &5995625788616447483
GameObject:
  m_ObjectHideFlags: 0
  m_CorrespondingSourceObject: {fileID: 0}
  m_PrefabInstance: {fileID: 0}
  m_PrefabAsset: {fileID: 0}
  serializedVersion: 6
  m_Component:
  - component: {fileID: 2697335230440364189}
  m_Layer: 0
  m_Name: lowerarm_r
  m_TagString: Untagged
  m_Icon: {fileID: 0}
  m_NavMeshLayer: 0
  m_StaticEditorFlags: 0
  m_IsActive: 1
--- !u!4 &2697335230440364189
Transform:
  m_ObjectHideFlags: 0
  m_CorrespondingSourceObject: {fileID: 0}
  m_PrefabInstance: {fileID: 0}
  m_PrefabAsset: {fileID: 0}
  m_GameObject: {fileID: 5995625788616447483}
  m_LocalRotation: {x: -0.031754844, y: -0.020871207, z: 0.78860843, w: 0.6137204}
  m_LocalPosition: {x: 0.22422151, y: -0.022642344, z: -0.006245117}
  m_LocalScale: {x: 1, y: 0.9999999, z: 1.0000001}
  m_ConstrainProportionsScale: 0
  m_Children:
  - {fileID: 3326569744753702140}
  - {fileID: 5971998087268968592}
  m_Father: {fileID: 2413226086662753082}
  m_RootOrder: 0
  m_LocalEulerAnglesHint: {x: 0, y: 0, z: 0}
--- !u!1 &6315253722453628605
GameObject:
  m_ObjectHideFlags: 0
  m_CorrespondingSourceObject: {fileID: 0}
  m_PrefabInstance: {fileID: 0}
  m_PrefabAsset: {fileID: 0}
  serializedVersion: 6
  m_Component:
  - component: {fileID: 6284085209428899842}
  m_Layer: 0
  m_Name: index_03_r
  m_TagString: Untagged
  m_Icon: {fileID: 0}
  m_NavMeshLayer: 0
  m_StaticEditorFlags: 0
  m_IsActive: 1
--- !u!4 &6284085209428899842
Transform:
  m_ObjectHideFlags: 0
  m_CorrespondingSourceObject: {fileID: 0}
  m_PrefabInstance: {fileID: 0}
  m_PrefabAsset: {fileID: 0}
  m_GameObject: {fileID: 6315253722453628605}
  m_LocalRotation: {x: 0.0097289095, y: 0.008964171, z: 0.1437052, w: 0.9895322}
  m_LocalPosition: {x: 0.034169007, y: 0.011062927, z: -0.00029518126}
  m_LocalScale: {x: 0.99999994, y: 1, z: 1}
  m_ConstrainProportionsScale: 0
  m_Children: []
  m_Father: {fileID: 6349772352914075054}
  m_RootOrder: 0
  m_LocalEulerAnglesHint: {x: 0, y: 0, z: 0}
--- !u!1 &6451637696750976568
GameObject:
  m_ObjectHideFlags: 0
  m_CorrespondingSourceObject: {fileID: 0}
  m_PrefabInstance: {fileID: 0}
  m_PrefabAsset: {fileID: 0}
  serializedVersion: 6
  m_Component:
  - component: {fileID: 4118935262031686709}
  m_Layer: 0
  m_Name: thumb_03_l
  m_TagString: Untagged
  m_Icon: {fileID: 0}
  m_NavMeshLayer: 0
  m_StaticEditorFlags: 0
  m_IsActive: 1
--- !u!4 &4118935262031686709
Transform:
  m_ObjectHideFlags: 0
  m_CorrespondingSourceObject: {fileID: 0}
  m_PrefabInstance: {fileID: 0}
  m_PrefabAsset: {fileID: 0}
  m_GameObject: {fileID: 6451637696750976568}
  m_LocalRotation: {x: 0.021460844, y: -0.00094814063, z: 0.06448039, w: 0.99768776}
  m_LocalPosition: {x: -0.034290962, y: -0.0038461685, z: -0.0015264893}
  m_LocalScale: {x: 1, y: 1.0000001, z: 1.0000001}
  m_ConstrainProportionsScale: 0
  m_Children: []
  m_Father: {fileID: 3910368830536582368}
  m_RootOrder: 0
  m_LocalEulerAnglesHint: {x: 0, y: 0, z: 0}
--- !u!1 &6661833156157261838
GameObject:
  m_ObjectHideFlags: 0
  m_CorrespondingSourceObject: {fileID: 0}
  m_PrefabInstance: {fileID: 0}
  m_PrefabAsset: {fileID: 0}
  serializedVersion: 6
  m_Component:
  - component: {fileID: 171990392479937108}
  m_Layer: 0
  m_Name: thumb_03_r
  m_TagString: Untagged
  m_Icon: {fileID: 0}
  m_NavMeshLayer: 0
  m_StaticEditorFlags: 0
  m_IsActive: 1
--- !u!4 &171990392479937108
Transform:
  m_ObjectHideFlags: 0
  m_CorrespondingSourceObject: {fileID: 0}
  m_PrefabInstance: {fileID: 0}
  m_PrefabAsset: {fileID: 0}
  m_GameObject: {fileID: 6661833156157261838}
  m_LocalRotation: {x: 0.021474108, y: -0.0005734914, z: 0.04705852, w: 0.99866116}
  m_LocalPosition: {x: 0.034291036, y: 0.0038462065, z: 0.0015266418}
  m_LocalScale: {x: 1, y: 1.0000001, z: 1}
  m_ConstrainProportionsScale: 0
  m_Children: []
  m_Father: {fileID: 8866140236515487081}
  m_RootOrder: 0
  m_LocalEulerAnglesHint: {x: 0, y: 0, z: 0}
--- !u!1 &6664399171255598759
GameObject:
  m_ObjectHideFlags: 0
  m_CorrespondingSourceObject: {fileID: 0}
  m_PrefabInstance: {fileID: 0}
  m_PrefabAsset: {fileID: 0}
  serializedVersion: 6
  m_Component:
  - component: {fileID: 8023458647939889274}
  m_Layer: 0
  m_Name: pelvis
  m_TagString: Untagged
  m_Icon: {fileID: 0}
  m_NavMeshLayer: 0
  m_StaticEditorFlags: 0
  m_IsActive: 1
--- !u!4 &8023458647939889274
Transform:
  m_ObjectHideFlags: 0
  m_CorrespondingSourceObject: {fileID: 0}
  m_PrefabInstance: {fileID: 0}
  m_PrefabAsset: {fileID: 0}
  m_GameObject: {fileID: 6664399171255598759}
  m_LocalRotation: {x: 0.001285336, y: 0.7071056, z: 0.001285336, w: 0.70710564}
  m_LocalPosition: {x: -1.3536842e-30, y: 0.010561532, z: 0.967506}
  m_LocalScale: {x: 1, y: 1, z: 1}
  m_ConstrainProportionsScale: 0
  m_Children:
  - {fileID: 7552988008787050064}
  - {fileID: 6430408303422317745}
  - {fileID: 5367363191671149908}
  m_Father: {fileID: 5538320403358681271}
  m_RootOrder: 0
  m_LocalEulerAnglesHint: {x: 0, y: 0, z: 0}
--- !u!1 &6898400987910409143
GameObject:
  m_ObjectHideFlags: 0
  m_CorrespondingSourceObject: {fileID: 0}
  m_PrefabInstance: {fileID: 0}
  m_PrefabAsset: {fileID: 0}
  serializedVersion: 6
  m_Component:
  - component: {fileID: 3790859917191556632}
  m_Layer: 0
  m_Name: index_02_l
  m_TagString: Untagged
  m_Icon: {fileID: 0}
  m_NavMeshLayer: 0
  m_StaticEditorFlags: 0
  m_IsActive: 1
--- !u!4 &3790859917191556632
Transform:
  m_ObjectHideFlags: 0
  m_CorrespondingSourceObject: {fileID: 0}
  m_PrefabInstance: {fileID: 0}
  m_PrefabAsset: {fileID: 0}
  m_GameObject: {fileID: 6898400987910409143}
  m_LocalRotation: {x: 0.11121284, y: -0.35683927, z: -0.6210275, w: 0.6889283}
  m_LocalPosition: {x: -0.045787886, y: -0.014962005, z: 0.001900711}
  m_LocalScale: {x: 1.0000001, y: 1, z: 1.0000001}
  m_ConstrainProportionsScale: 0
  m_Children:
  - {fileID: 4143002366198231114}
  m_Father: {fileID: 250281926922031443}
  m_RootOrder: 0
  m_LocalEulerAnglesHint: {x: 0, y: 0, z: 0}
--- !u!1 &7043976196477498610
GameObject:
  m_ObjectHideFlags: 0
  m_CorrespondingSourceObject: {fileID: 0}
  m_PrefabInstance: {fileID: 0}
  m_PrefabAsset: {fileID: 0}
  serializedVersion: 6
  m_Component:
  - component: {fileID: 6430408303422317745}
  m_Layer: 0
  m_Name: thigh_l
  m_TagString: Untagged
  m_Icon: {fileID: 0}
  m_NavMeshLayer: 0
  m_StaticEditorFlags: 0
  m_IsActive: 1
--- !u!4 &6430408303422317745
Transform:
  m_ObjectHideFlags: 0
  m_CorrespondingSourceObject: {fileID: 0}
  m_PrefabInstance: {fileID: 0}
  m_PrefabAsset: {fileID: 0}
  m_GameObject: {fileID: 7043976196477498610}
  m_LocalRotation: {x: 0.28672624, y: 0.17320116, z: -0.07347295, w: 0.9393568}
  m_LocalPosition: {x: 0.014488297, y: -0.005314235, z: -0.090058096}
  m_LocalScale: {x: 1, y: 1, z: 0.9999999}
  m_ConstrainProportionsScale: 0
  m_Children:
  - {fileID: 1466215736299522600}
  m_Father: {fileID: 8023458647939889274}
  m_RootOrder: 1
  m_LocalEulerAnglesHint: {x: 0, y: 0, z: 0}
--- !u!1 &7100392907959377382
GameObject:
  m_ObjectHideFlags: 0
  m_CorrespondingSourceObject: {fileID: 0}
  m_PrefabInstance: {fileID: 0}
  m_PrefabAsset: {fileID: 0}
  serializedVersion: 6
  m_Component:
  - component: {fileID: 2129175296497209099}
  m_Layer: 0
  m_Name: middle_03_l
  m_TagString: Untagged
  m_Icon: {fileID: 0}
  m_NavMeshLayer: 0
  m_StaticEditorFlags: 0
  m_IsActive: 1
--- !u!4 &2129175296497209099
Transform:
  m_ObjectHideFlags: 0
  m_CorrespondingSourceObject: {fileID: 0}
  m_PrefabInstance: {fileID: 0}
  m_PrefabAsset: {fileID: 0}
  m_GameObject: {fileID: 7100392907959377382}
  m_LocalRotation: {x: 0.0002640164, y: 0.038899884, z: 0.09898238, w: 0.99432856}
  m_LocalPosition: {x: -0.041520003, y: -0.011294556, z: 0.0027426528}
  m_LocalScale: {x: 0.9999998, y: 0.99999994, z: 0.99999976}
  m_ConstrainProportionsScale: 0
  m_Children: []
  m_Father: {fileID: 5349495045719624370}
  m_RootOrder: 0
  m_LocalEulerAnglesHint: {x: 0, y: 0, z: 0}
--- !u!1 &7239851839837746551
GameObject:
  m_ObjectHideFlags: 0
  m_CorrespondingSourceObject: {fileID: 0}
  m_PrefabInstance: {fileID: 0}
  m_PrefabAsset: {fileID: 0}
  serializedVersion: 6
  m_Component:
  - component: {fileID: 5367363191671149908}
  m_Layer: 0
  m_Name: thigh_r
  m_TagString: Untagged
  m_Icon: {fileID: 0}
  m_NavMeshLayer: 0
  m_StaticEditorFlags: 0
  m_IsActive: 1
--- !u!4 &5367363191671149908
Transform:
  m_ObjectHideFlags: 0
  m_CorrespondingSourceObject: {fileID: 0}
  m_PrefabInstance: {fileID: 0}
  m_PrefabAsset: {fileID: 0}
  m_GameObject: {fileID: 7239851839837746551}
  m_LocalRotation: {x: -0.12126773, y: 0.1781915, z: 0.9764892, w: -0.0032895696}
  m_LocalPosition: {x: 0.014486617, y: -0.0053142747, z: 0.09005803}
  m_LocalScale: {x: 1, y: 1, z: 0.9999999}
  m_ConstrainProportionsScale: 0
  m_Children:
  - {fileID: 4855529864348670119}
  m_Father: {fileID: 8023458647939889274}
  m_RootOrder: 2
  m_LocalEulerAnglesHint: {x: 0, y: 0, z: 0}
--- !u!1 &7623974292501816136
GameObject:
  m_ObjectHideFlags: 0
  m_CorrespondingSourceObject: {fileID: 0}
  m_PrefabInstance: {fileID: 0}
  m_PrefabAsset: {fileID: 0}
  serializedVersion: 6
  m_Component:
  - component: {fileID: 7690136415273646417}
  m_Layer: 0
  m_Name: lowerarm_l
  m_TagString: Untagged
  m_Icon: {fileID: 0}
  m_NavMeshLayer: 0
  m_StaticEditorFlags: 0
  m_IsActive: 1
--- !u!4 &7690136415273646417
Transform:
  m_ObjectHideFlags: 0
  m_CorrespondingSourceObject: {fileID: 0}
  m_PrefabInstance: {fileID: 0}
  m_PrefabAsset: {fileID: 0}
  m_GameObject: {fileID: 7623974292501816136}
  m_LocalRotation: {x: -0.03960618, y: -0.01630594, z: 0.70754296, w: 0.70537114}
  m_LocalPosition: {x: -0.2242216, y: 0.022642374, z: 0.006245117}
  m_LocalScale: {x: 1.0000001, y: 1.0000001, z: 1.0000001}
  m_ConstrainProportionsScale: 0
  m_Children:
  - {fileID: 6886986698998324206}
  - {fileID: 1177549772657713409}
  m_Father: {fileID: 6200897138028324182}
  m_RootOrder: 0
  m_LocalEulerAnglesHint: {x: 0, y: 0, z: 0}
--- !u!1 &7946337093051828623
GameObject:
  m_ObjectHideFlags: 0
  m_CorrespondingSourceObject: {fileID: 0}
  m_PrefabInstance: {fileID: 0}
  m_PrefabAsset: {fileID: 0}
  serializedVersion: 6
  m_Component:
  - component: {fileID: 7103466792812155880}
  - component: {fileID: 2678851759024220693}
  m_Layer: 9
  m_Name: Fighter_05_Jaw_Mesh
  m_TagString: Untagged
  m_Icon: {fileID: 0}
  m_NavMeshLayer: 0
  m_StaticEditorFlags: 0
  m_IsActive: 1
--- !u!4 &7103466792812155880
Transform:
  m_ObjectHideFlags: 0
  m_CorrespondingSourceObject: {fileID: 0}
  m_PrefabInstance: {fileID: 0}
  m_PrefabAsset: {fileID: 0}
  m_GameObject: {fileID: 7946337093051828623}
  m_LocalRotation: {x: -0.7071068, y: 0, z: -0, w: 0.7071068}
  m_LocalPosition: {x: -0, y: 0, z: -0.013801818}
  m_LocalScale: {x: 1.01935, y: 1.01935, z: 1.01935}
  m_ConstrainProportionsScale: 0
  m_Children: []
  m_Father: {fileID: 8557995236461937443}
  m_RootOrder: 1
  m_LocalEulerAnglesHint: {x: 0, y: 0, z: 0}
--- !u!137 &2678851759024220693
SkinnedMeshRenderer:
  m_ObjectHideFlags: 0
  m_CorrespondingSourceObject: {fileID: 0}
  m_PrefabInstance: {fileID: 0}
  m_PrefabAsset: {fileID: 0}
  m_GameObject: {fileID: 7946337093051828623}
  m_Enabled: 1
  m_CastShadows: 1
  m_ReceiveShadows: 1
  m_DynamicOccludee: 1
  m_StaticShadowCaster: 0
  m_MotionVectors: 1
  m_LightProbeUsage: 1
  m_ReflectionProbeUsage: 1
  m_RayTracingMode: 3
  m_RayTraceProcedural: 0
  m_RenderingLayerMask: 1
  m_RendererPriority: 0
  m_Materials:
  - {fileID: 2100000, guid: 119292335cf244ff8acf0d41cde74fa7, type: 2}
  m_StaticBatchInfo:
    firstSubMesh: 0
    subMeshCount: 0
  m_StaticBatchRoot: {fileID: 0}
  m_ProbeAnchor: {fileID: 0}
  m_LightProbeVolumeOverride: {fileID: 0}
  m_ScaleInLightmap: 1
  m_ReceiveGI: 1
  m_PreserveUVs: 0
  m_IgnoreNormalsForChartDetection: 0
  m_ImportantGI: 0
  m_StitchLightmapSeams: 1
  m_SelectedEditorRenderState: 3
  m_MinimumChartSize: 4
  m_AutoUVMaxDistance: 0.5
  m_AutoUVMaxAngle: 89
  m_LightmapParameters: {fileID: 0}
  m_SortingLayerID: 0
  m_SortingLayer: 0
  m_SortingOrder: 0
  serializedVersion: 2
  m_Quality: 0
  m_UpdateWhenOffscreen: 0
  m_SkinnedMotionVectors: 1
  m_Mesh: {fileID: 5793336902501484704, guid: 0930d9f8c877646a98e3112b18467208, type: 3}
  m_Bones:
  - {fileID: 2263595392590443380}
  - {fileID: 7977264772497028457}
  m_BlendShapeWeights: []
  m_RootBone: {fileID: 7977264772497028457}
  m_AABB:
    m_Center: {x: 0.029216181, y: -0.09269582, z: 0.000000026077032}
    m_Extent: {x: 0.03455278, y: 0.034534898, z: 0.029700553}
  m_DirtyAABB: 0
--- !u!1 &8211568694258566598
GameObject:
  m_ObjectHideFlags: 0
  m_CorrespondingSourceObject: {fileID: 0}
  m_PrefabInstance: {fileID: 0}
  m_PrefabAsset: {fileID: 0}
  serializedVersion: 6
  m_Component:
  - component: {fileID: 2263595392590443380}
  m_Layer: 0
  m_Name: B_Jaw
  m_TagString: Untagged
  m_Icon: {fileID: 0}
  m_NavMeshLayer: 0
  m_StaticEditorFlags: 0
  m_IsActive: 1
--- !u!4 &2263595392590443380
Transform:
  m_ObjectHideFlags: 0
  m_CorrespondingSourceObject: {fileID: 0}
  m_PrefabInstance: {fileID: 0}
  m_PrefabAsset: {fileID: 0}
  m_GameObject: {fileID: 8211568694258566598}
  m_LocalRotation: {x: 0.00000006176009, y: 0.00000017126841, z: 0.9407062, w: 0.3392225}
  m_LocalPosition: {x: 0.010400848, y: -0.04710492, z: 0.00000015258787}
  m_LocalScale: {x: 0.99999976, y: 0.99999976, z: 1}
  m_ConstrainProportionsScale: 0
  m_Children: []
  m_Father: {fileID: 7977264772497028457}
  m_RootOrder: 0
  m_LocalEulerAnglesHint: {x: 0, y: 0, z: 0}
--- !u!1 &8249673587989383564
GameObject:
  m_ObjectHideFlags: 0
  m_CorrespondingSourceObject: {fileID: 0}
  m_PrefabInstance: {fileID: 0}
  m_PrefabAsset: {fileID: 0}
  serializedVersion: 6
  m_Component:
  - component: {fileID: 5760668258451192236}
  m_Layer: 0
  m_Name: foot_l
  m_TagString: Untagged
  m_Icon: {fileID: 0}
  m_NavMeshLayer: 0
  m_StaticEditorFlags: 0
  m_IsActive: 1
--- !u!4 &5760668258451192236
Transform:
  m_ObjectHideFlags: 0
  m_CorrespondingSourceObject: {fileID: 0}
  m_PrefabInstance: {fileID: 0}
  m_PrefabAsset: {fileID: 0}
  m_GameObject: {fileID: 8249673587989383564}
  m_LocalRotation: {x: -0.07576023, y: 0.001529739, z: 0.035938215, w: 0.99647707}
  m_LocalPosition: {x: 0.40196696, y: 0, z: 0}
  m_LocalScale: {x: 1.0000001, y: 0.9999999, z: 1.0000001}
  m_ConstrainProportionsScale: 0
  m_Children:
  - {fileID: 8103168148414629222}
  m_Father: {fileID: 1466215736299522600}
  m_RootOrder: 0
  m_LocalEulerAnglesHint: {x: 0, y: 0, z: 0}
--- !u!1 &8360866166390463474
GameObject:
  m_ObjectHideFlags: 0
  m_CorrespondingSourceObject: {fileID: 0}
  m_PrefabInstance: {fileID: 0}
  m_PrefabAsset: {fileID: 0}
  serializedVersion: 6
  m_Component:
  - component: {fileID: 6059278300439484129}
  m_Layer: 0
  m_Name: ring_01_r
  m_TagString: Untagged
  m_Icon: {fileID: 0}
  m_NavMeshLayer: 0
  m_StaticEditorFlags: 0
  m_IsActive: 1
--- !u!4 &6059278300439484129
Transform:
  m_ObjectHideFlags: 0
  m_CorrespondingSourceObject: {fileID: 0}
  m_PrefabInstance: {fileID: 0}
  m_PrefabAsset: {fileID: 0}
  m_GameObject: {fileID: 8360866166390463474}
  m_LocalRotation: {x: -0.0824724, y: -0.1343782, z: -0.7849152, w: 0.5992069}
  m_LocalPosition: {x: 0.10560722, y: -0.014391937, z: -0.036498602}
  m_LocalScale: {x: 0.99999994, y: 1, z: 0.99999994}
  m_ConstrainProportionsScale: 0
  m_Children:
  - {fileID: 4017248782051935574}
  m_Father: {fileID: 3326569744753702140}
  m_RootOrder: 3
  m_LocalEulerAnglesHint: {x: 0, y: 0, z: 0}
--- !u!1 &8399599518271662287
GameObject:
  m_ObjectHideFlags: 0
  m_CorrespondingSourceObject: {fileID: 0}
  m_PrefabInstance: {fileID: 0}
  m_PrefabAsset: {fileID: 0}
  serializedVersion: 6
  m_Component:
  - component: {fileID: 6275864672171736197}
  m_Layer: 0
  m_Name: ring_02_l
  m_TagString: Untagged
  m_Icon: {fileID: 0}
  m_NavMeshLayer: 0
  m_StaticEditorFlags: 0
  m_IsActive: 1
--- !u!4 &6275864672171736197
Transform:
  m_ObjectHideFlags: 0
  m_CorrespondingSourceObject: {fileID: 0}
  m_PrefabInstance: {fileID: 0}
  m_PrefabAsset: {fileID: 0}
  m_GameObject: {fileID: 8399599518271662287}
  m_LocalRotation: {x: -0.00031874076, y: -0.068705365, z: -0.7695842, w: 0.6348382}
  m_LocalPosition: {x: -0.034553718, y: -0.0041821287, z: 0.0012444925}
  m_LocalScale: {x: 1, y: 1, z: 1}
  m_ConstrainProportionsScale: 0
  m_Children:
  - {fileID: 7746136819485770458}
  m_Father: {fileID: 8429229845175017503}
  m_RootOrder: 0
  m_LocalEulerAnglesHint: {x: 0, y: 0, z: 0}
--- !u!1 &8410076844883564292
GameObject:
  m_ObjectHideFlags: 0
  m_CorrespondingSourceObject: {fileID: 0}
  m_PrefabInstance: {fileID: 0}
  m_PrefabAsset: {fileID: 0}
  serializedVersion: 6
  m_Component:
  - component: {fileID: 3345170937756458433}
  m_Layer: 0
  m_Name: clavicle_r
  m_TagString: Untagged
  m_Icon: {fileID: 0}
  m_NavMeshLayer: 0
  m_StaticEditorFlags: 0
  m_IsActive: 1
--- !u!4 &3345170937756458433
Transform:
  m_ObjectHideFlags: 0
  m_CorrespondingSourceObject: {fileID: 0}
  m_PrefabInstance: {fileID: 0}
  m_PrefabAsset: {fileID: 0}
  m_GameObject: {fileID: 8410076844883564292}
  m_LocalRotation: {x: 0.77622056, y: 0.23383167, z: 0.5787491, w: 0.08862191}
  m_LocalPosition: {x: -0.11883758, y: -0.027321033, z: 0.037820026}
  m_LocalScale: {x: 1, y: 1.0000001, z: 1}
  m_ConstrainProportionsScale: 0
  m_Children:
  - {fileID: 2413226086662753082}
  m_Father: {fileID: 3107552116198401765}
  m_RootOrder: 1
  m_LocalEulerAnglesHint: {x: 0, y: 0, z: 0}
--- !u!1 &8469909144747552815
GameObject:
  m_ObjectHideFlags: 0
  m_CorrespondingSourceObject: {fileID: 0}
  m_PrefabInstance: {fileID: 0}
  m_PrefabAsset: {fileID: 0}
  serializedVersion: 6
  m_Component:
  - component: {fileID: 8555161012367650883}
  m_Layer: 0
  m_Name: pinky_02_r
  m_TagString: Untagged
  m_Icon: {fileID: 0}
  m_NavMeshLayer: 0
  m_StaticEditorFlags: 0
  m_IsActive: 1
--- !u!4 &8555161012367650883
Transform:
  m_ObjectHideFlags: 0
  m_CorrespondingSourceObject: {fileID: 0}
  m_PrefabInstance: {fileID: 0}
  m_PrefabAsset: {fileID: 0}
  m_GameObject: {fileID: 8469909144747552815}
  m_LocalRotation: {x: -0.045104396, y: -0.007464209, z: -0.6334856, w: 0.77240264}
  m_LocalPosition: {x: 0.027408255, y: 0.0016534424, z: -0.0034724234}
  m_LocalScale: {x: 0.99999994, y: 1, z: 0.99999994}
  m_ConstrainProportionsScale: 0
  m_Children:
  - {fileID: 2142255251736283399}
  m_Father: {fileID: 3757236856783473153}
  m_RootOrder: 0
  m_LocalEulerAnglesHint: {x: 0, y: 0, z: 0}
--- !u!1 &8736157183533241878
GameObject:
  m_ObjectHideFlags: 0
  m_CorrespondingSourceObject: {fileID: 0}
  m_PrefabInstance: {fileID: 0}
  m_PrefabAsset: {fileID: 0}
  serializedVersion: 6
  m_Component:
  - component: {fileID: 6349772352914075054}
  m_Layer: 0
  m_Name: index_02_r
  m_TagString: Untagged
  m_Icon: {fileID: 0}
  m_NavMeshLayer: 0
  m_StaticEditorFlags: 0
  m_IsActive: 1
--- !u!4 &6349772352914075054
Transform:
  m_ObjectHideFlags: 0
  m_CorrespondingSourceObject: {fileID: 0}
  m_PrefabInstance: {fileID: 0}
  m_PrefabAsset: {fileID: 0}
  m_GameObject: {fileID: 8736157183533241878}
  m_LocalRotation: {x: 0.10178102, y: -0.3201423, z: -0.5629699, w: 0.7551255}
  m_LocalPosition: {x: 0.045787964, y: 0.014962005, z: -0.001900711}
  m_LocalScale: {x: 0.99999994, y: 1, z: 1}
  m_ConstrainProportionsScale: 0
  m_Children:
  - {fileID: 6284085209428899842}
  m_Father: {fileID: 2703902043817981149}
  m_RootOrder: 0
  m_LocalEulerAnglesHint: {x: 0, y: 0, z: 0}
--- !u!1 &9047674475985557913
GameObject:
  m_ObjectHideFlags: 0
  m_CorrespondingSourceObject: {fileID: 0}
  m_PrefabInstance: {fileID: 0}
  m_PrefabAsset: {fileID: 0}
  serializedVersion: 6
  m_Component:
  - component: {fileID: 8557995236461937443}
  - component: {fileID: 2316037164819896665}
  - component: {fileID: 3730901403196735619}
  m_Layer: 0
  m_Name: Old boy
  m_TagString: Untagged
  m_Icon: {fileID: 0}
  m_NavMeshLayer: 0
  m_StaticEditorFlags: 0
  m_IsActive: 1
--- !u!4 &8557995236461937443
Transform:
  m_ObjectHideFlags: 0
  m_CorrespondingSourceObject: {fileID: 0}
  m_PrefabInstance: {fileID: 0}
  m_PrefabAsset: {fileID: 0}
  m_GameObject: {fileID: 9047674475985557913}
  m_LocalRotation: {x: 0, y: 0.7071068, z: 0, w: 0.7071068}
  m_LocalPosition: {x: 0, y: 0, z: 0}
  m_LocalScale: {x: 3.5, y: 3.5, z: 3.5}
  m_ConstrainProportionsScale: 1
  m_Children:
  - {fileID: 4766151955297997468}
  - {fileID: 7103466792812155880}
  - {fileID: 5538320403358681271}
  m_Father: {fileID: 0}
  m_RootOrder: 0
  m_LocalEulerAnglesHint: {x: 0, y: 90, z: 0}
--- !u!95 &2316037164819896665
Animator:
  serializedVersion: 5
  m_ObjectHideFlags: 0
  m_CorrespondingSourceObject: {fileID: 0}
  m_PrefabInstance: {fileID: 0}
  m_PrefabAsset: {fileID: 0}
  m_GameObject: {fileID: 9047674475985557913}
  m_Enabled: 1
  m_Avatar: {fileID: 9000000, guid: 0930d9f8c877646a98e3112b18467208, type: 3}
  m_Controller: {fileID: 9100000, guid: 85eca58503f1043499d28ef6a3683ace, type: 2}
  m_CullingMode: 1
  m_UpdateMode: 0
  m_ApplyRootMotion: 1
  m_LinearVelocityBlending: 0
  m_StabilizeFeet: 0
  m_WarningMessage: 
  m_HasTransformHierarchy: 1
  m_AllowConstantClipSamplingOptimization: 1
  m_KeepAnimatorStateOnDisable: 0
  m_WriteDefaultValuesOnDisable: 0
--- !u!114 &3730901403196735619
MonoBehaviour:
  m_ObjectHideFlags: 0
  m_CorrespondingSourceObject: {fileID: 0}
  m_PrefabInstance: {fileID: 0}
  m_PrefabAsset: {fileID: 0}
  m_GameObject: {fileID: 9047674475985557913}
  m_Enabled: 1
  m_EditorHideFlags: 0
  m_Script: {fileID: 11500000, guid: f4865af8fa2382d42b56844ef3a9cbf0, type: 3}
  m_Name: 
  m_EditorClassIdentifier: 
  isHit: 0
  hitBoxes:
  - rect:
      serializedVersion: 2
      x: 0
      y: 0
      width: 4
      height: 4
    defaultVisibility: 1
    followXBounds: 0
    followYBounds: 0
    position: {fileID: 7977264772497028457}
    bodyPart: 1
    mappedPosition:
      x:
        _serializedValue: 0
      y:
        _serializedValue: 0
      z:
        _serializedValue: 0
    localPosition:
      x:
        _serializedValue: 0
      y:
        _serializedValue: 0
      z:
        _serializedValue: 0
    shape: 0
    collisionType: 0
    type: 0
    _rect:
      _x:
        _serializedValue: 0
      _y:
        _serializedValue: 0
      topRight:
        x:
          _serializedValue: 0
        y:
          _serializedValue: 0
        z:
          _serializedValue: 0
      topLeft:
        x:
          _serializedValue: 0
        y:
          _serializedValue: 0
        z:
          _serializedValue: 0
      bottomRight:
        x:
          _serializedValue: 0
        y:
          _serializedValue: 0
        z:
          _serializedValue: 0
      bottomLeft:
        x:
          _serializedValue: 0
        y:
          _serializedValue: 0
        z:
          _serializedValue: 0
      width:
        _serializedValue: 0
      height:
        _serializedValue: 0
      xMax:
        _serializedValue: 0
      yMax:
        _serializedValue: 0
    _radius:
      _serializedValue: 1932735232
    _offSet:
      x:
        _serializedValue: 386547072
      y:
        _serializedValue: 773094144
      z:
        _serializedValue: 0
  - rect:
      serializedVersion: 2
      x: -0.97
      y: 0.6
      width: 1.93
      height: -1.21
    defaultVisibility: 1
    followXBounds: 0
    followYBounds: 0
    position: {fileID: 3107552116198401765}
    bodyPart: 2
    mappedPosition:
      x:
        _serializedValue: 0
      y:
        _serializedValue: 0
      z:
        _serializedValue: 0
    localPosition:
      x:
        _serializedValue: 0
      y:
        _serializedValue: 0
      z:
        _serializedValue: 0
    shape: 1
    collisionType: 0
    type: 0
    _rect:
      _x:
        _serializedValue: -4166118400
      _y:
        _serializedValue: 2576980480
      topRight:
        x:
          _serializedValue: 4123168256
        y:
          _serializedValue: 2576980480
        z:
          _serializedValue: 0
      topLeft:
        x:
          _serializedValue: -4166118400
        y:
          _serializedValue: 2576980480
        z:
          _serializedValue: 0
      bottomRight:
        x:
          _serializedValue: 4123168256
        y:
          _serializedValue: -2619930112
        z:
          _serializedValue: 0
      bottomLeft:
        x:
          _serializedValue: -4166118400
        y:
          _serializedValue: -2619930112
        z:
          _serializedValue: 0
      width:
        _serializedValue: 8289286656
      height:
        _serializedValue: -5196910592
      xMax:
        _serializedValue: 4123168256
      yMax:
        _serializedValue: -2619930112
    _radius:
      _serializedValue: 2147483648
    _offSet:
      x:
        _serializedValue: 0
      y:
        _serializedValue: 0
      z:
        _serializedValue: 0
  - rect:
      serializedVersion: 2
      x: -0.83
      y: 0.56
      width: 1.69
      height: -1.22
    defaultVisibility: 1
    followXBounds: 0
    followYBounds: 0
    position: {fileID: 7552988008787050064}
    bodyPart: 3
    mappedPosition:
      x:
        _serializedValue: 0
      y:
        _serializedValue: 0
      z:
        _serializedValue: 0
    localPosition:
      x:
        _serializedValue: 0
      y:
        _serializedValue: 0
      z:
        _serializedValue: 0
    shape: 1
    collisionType: 0
    type: 0
    _rect:
      _x:
        _serializedValue: -3564822784
      _y:
        _serializedValue: 2405181696
      topRight:
        x:
          _serializedValue: 3693672192
        y:
          _serializedValue: 2405181696
        z:
          _serializedValue: 0
      topLeft:
        x:
          _serializedValue: -3564822784
        y:
          _serializedValue: 2405181696
        z:
          _serializedValue: 0
      bottomRight:
        x:
          _serializedValue: 3693672192
        y:
          _serializedValue: -2834678528
        z:
          _serializedValue: 0
      bottomLeft:
        x:
          _serializedValue: -3564822784
        y:
          _serializedValue: -2834678528
        z:
          _serializedValue: 0
      width:
        _serializedValue: 7258494976
      height:
        _serializedValue: -5239860224
      xMax:
        _serializedValue: 3693672192
      yMax:
        _serializedValue: -2834678528
    _radius:
      _serializedValue: 2147483648
    _offSet:
      x:
        _serializedValue: 0
      y:
        _serializedValue: 0
      z:
        _serializedValue: 0
  - rect:
      serializedVersion: 2
      x: 0
      y: 0
      width: 4
      height: 4
    defaultVisibility: 1
    followXBounds: 0
    followYBounds: 0
    position: {fileID: 6200897138028324182}
    bodyPart: 4
    mappedPosition:
      x:
        _serializedValue: 0
      y:
        _serializedValue: 0
      z:
        _serializedValue: 0
    localPosition:
      x:
        _serializedValue: 0
      y:
        _serializedValue: 0
      z:
        _serializedValue: 0
    shape: 0
    collisionType: 1
    type: 1
    _rect:
      _x:
        _serializedValue: 0
      _y:
        _serializedValue: 0
      topRight:
        x:
          _serializedValue: 0
        y:
          _serializedValue: 0
        z:
          _serializedValue: 0
      topLeft:
        x:
          _serializedValue: 0
        y:
          _serializedValue: 0
        z:
          _serializedValue: 0
      bottomRight:
        x:
          _serializedValue: 0
        y:
          _serializedValue: 0
        z:
          _serializedValue: 0
      bottomLeft:
        x:
          _serializedValue: 0
        y:
          _serializedValue: 0
        z:
          _serializedValue: 0
      width:
        _serializedValue: 0
      height:
        _serializedValue: 0
      xMax:
        _serializedValue: 0
      yMax:
        _serializedValue: 0
    _radius:
      _serializedValue: 1717986944
    _offSet:
      x:
        _serializedValue: 128849016
      y:
        _serializedValue: 0
      z:
        _serializedValue: 0
  - rect:
      serializedVersion: 2
      x: 0
      y: 0
      width: 4
      height: 4
    defaultVisibility: 1
    followXBounds: 0
    followYBounds: 0
    position: {fileID: 2413226086662753082}
    bodyPart: 5
    mappedPosition:
      x:
        _serializedValue: 0
      y:
        _serializedValue: 0
      z:
        _serializedValue: 0
    localPosition:
      x:
        _serializedValue: 0
      y:
        _serializedValue: 0
      z:
        _serializedValue: 0
    shape: 0
    collisionType: 1
    type: 1
    _rect:
      _x:
        _serializedValue: 0
      _y:
        _serializedValue: 0
      topRight:
        x:
          _serializedValue: 0
        y:
          _serializedValue: 0
        z:
          _serializedValue: 0
      topLeft:
        x:
          _serializedValue: 0
        y:
          _serializedValue: 0
        z:
          _serializedValue: 0
      bottomRight:
        x:
          _serializedValue: 0
        y:
          _serializedValue: 0
        z:
          _serializedValue: 0
      bottomLeft:
        x:
          _serializedValue: 0
        y:
          _serializedValue: 0
        z:
          _serializedValue: 0
      width:
        _serializedValue: 0
      height:
        _serializedValue: 0
      xMax:
        _serializedValue: 0
      yMax:
        _serializedValue: 0
    _radius:
      _serializedValue: 1717986944
    _offSet:
      x:
        _serializedValue: 128849016
      y:
        _serializedValue: 386547072
      z:
        _serializedValue: 0
  - rect:
      serializedVersion: 2
      x: 0
      y: 0
      width: 4
      height: 4
    defaultVisibility: 1
    followXBounds: 0
    followYBounds: 0
    position: {fileID: 7690136415273646417}
    bodyPart: 6
    mappedPosition:
      x:
        _serializedValue: 0
      y:
        _serializedValue: 0
      z:
        _serializedValue: 0
    localPosition:
      x:
        _serializedValue: 0
      y:
        _serializedValue: 0
      z:
        _serializedValue: 0
    shape: 0
    collisionType: 1
    type: 1
    _rect:
      _x:
        _serializedValue: 0
      _y:
        _serializedValue: 0
      topRight:
        x:
          _serializedValue: 0
        y:
          _serializedValue: 0
        z:
          _serializedValue: 0
      topLeft:
        x:
          _serializedValue: 0
        y:
          _serializedValue: 0
        z:
          _serializedValue: 0
      bottomRight:
        x:
          _serializedValue: 0
        y:
          _serializedValue: 0
        z:
          _serializedValue: 0
      bottomLeft:
        x:
          _serializedValue: 0
        y:
          _serializedValue: 0
        z:
          _serializedValue: 0
      width:
        _serializedValue: 0
      height:
        _serializedValue: 0
      xMax:
        _serializedValue: 0
      yMax:
        _serializedValue: 0
    _radius:
      _serializedValue: 1717986944
    _offSet:
      x:
        _serializedValue: 257698032
      y:
        _serializedValue: 644245120
      z:
        _serializedValue: 0
  - rect:
      serializedVersion: 2
      x: 0
      y: 0
      width: 4
      height: 4
    defaultVisibility: 1
    followXBounds: 0
    followYBounds: 0
    position: {fileID: 2697335230440364189}
    bodyPart: 7
    mappedPosition:
      x:
        _serializedValue: 0
      y:
        _serializedValue: 0
      z:
        _serializedValue: 0
    localPosition:
      x:
        _serializedValue: 0
      y:
        _serializedValue: 0
      z:
        _serializedValue: 0
    shape: 0
    collisionType: 1
    type: 1
    _rect:
      _x:
        _serializedValue: 0
      _y:
        _serializedValue: 0
      topRight:
        x:
          _serializedValue: 0
        y:
          _serializedValue: 0
        z:
          _serializedValue: 0
      topLeft:
        x:
          _serializedValue: 0
        y:
          _serializedValue: 0
        z:
          _serializedValue: 0
      bottomRight:
        x:
          _serializedValue: 0
        y:
          _serializedValue: 0
        z:
          _serializedValue: 0
      bottomLeft:
        x:
          _serializedValue: 0
        y:
          _serializedValue: 0
        z:
          _serializedValue: 0
      width:
        _serializedValue: 0
      height:
        _serializedValue: 0
      xMax:
        _serializedValue: 0
      yMax:
        _serializedValue: 0
    _radius:
      _serializedValue: 1717986944
    _offSet:
      x:
        _serializedValue: 858993472
      y:
        _serializedValue: 1030792128
      z:
        _serializedValue: 0
  - rect:
      serializedVersion: 2
      x: 0
      y: 0
      width: 4
      height: 4
    defaultVisibility: 1
    followXBounds: 0
    followYBounds: 0
    position: {fileID: 6886986698998324206}
    bodyPart: 8
    mappedPosition:
      x:
        _serializedValue: 0
      y:
        _serializedValue: 0
      z:
        _serializedValue: 0
    localPosition:
      x:
        _serializedValue: 0
      y:
        _serializedValue: 0
      z:
        _serializedValue: 0
    shape: 0
    collisionType: 2
    type: 0
    _rect:
      _x:
        _serializedValue: 0
      _y:
        _serializedValue: 0
      topRight:
        x:
          _serializedValue: 0
        y:
          _serializedValue: 0
        z:
          _serializedValue: 0
      topLeft:
        x:
          _serializedValue: 0
        y:
          _serializedValue: 0
        z:
          _serializedValue: 0
      bottomRight:
        x:
          _serializedValue: 0
        y:
          _serializedValue: 0
        z:
          _serializedValue: 0
      bottomLeft:
        x:
          _serializedValue: 0
        y:
          _serializedValue: 0
        z:
          _serializedValue: 0
      width:
        _serializedValue: 0
      height:
        _serializedValue: 0
      xMax:
        _serializedValue: 0
      yMax:
        _serializedValue: 0
    _radius:
      _serializedValue: 1503238528
    _offSet:
      x:
        _serializedValue: 386547072
      y:
        _serializedValue: -85899344
      z:
        _serializedValue: 0
  - rect:
      serializedVersion: 2
      x: 0
      y: 0
      width: 4
      height: 4
    defaultVisibility: 1
    followXBounds: 0
    followYBounds: 0
    position: {fileID: 3326569744753702140}
    bodyPart: 9
    mappedPosition:
      x:
        _serializedValue: 0
      y:
        _serializedValue: 0
      z:
        _serializedValue: 0
    localPosition:
      x:
        _serializedValue: 0
      y:
        _serializedValue: 0
      z:
        _serializedValue: 0
    shape: 0
    collisionType: 2
    type: 0
    _rect:
      _x:
        _serializedValue: 0
      _y:
        _serializedValue: 0
      topRight:
        x:
          _serializedValue: 0
        y:
          _serializedValue: 0
        z:
          _serializedValue: 0
      topLeft:
        x:
          _serializedValue: 0
        y:
          _serializedValue: 0
        z:
          _serializedValue: 0
      bottomRight:
        x:
          _serializedValue: 0
        y:
          _serializedValue: 0
        z:
          _serializedValue: 0
      bottomLeft:
        x:
          _serializedValue: 0
        y:
          _serializedValue: 0
        z:
          _serializedValue: 0
      width:
        _serializedValue: 0
      height:
        _serializedValue: 0
      xMax:
        _serializedValue: 0
      yMax:
        _serializedValue: 0
    _radius:
      _serializedValue: 1503238528
    _offSet:
      x:
        _serializedValue: 816043776
      y:
        _serializedValue: 858993472
      z:
        _serializedValue: 0
  - rect:
      serializedVersion: 2
      x: 0
      y: 0
      width: 0.98
      height: -1.63
    defaultVisibility: 1
    followXBounds: 0
    followYBounds: 0
    position: {fileID: 6430408303422317745}
    bodyPart: 10
    mappedPosition:
      x:
        _serializedValue: 0
      y:
        _serializedValue: 0
      z:
        _serializedValue: 0
    localPosition:
      x:
        _serializedValue: 0
      y:
        _serializedValue: 0
      z:
        _serializedValue: 0
    shape: 1
    collisionType: 0
    type: 1
    _rect:
      _x:
        _serializedValue: 0
      _y:
        _serializedValue: 0
      topRight:
        x:
          _serializedValue: 4209068032
        y:
          _serializedValue: 0
        z:
          _serializedValue: 0
      topLeft:
        x:
          _serializedValue: 0
        y:
          _serializedValue: 0
        z:
          _serializedValue: 0
      bottomRight:
        x:
          _serializedValue: 4209068032
        y:
          _serializedValue: -7000796672
        z:
          _serializedValue: 0
      bottomLeft:
        x:
          _serializedValue: 0
        y:
          _serializedValue: -7000796672
        z:
          _serializedValue: 0
      width:
        _serializedValue: 4209068032
      height:
        _serializedValue: -7000796672
      xMax:
        _serializedValue: 4209068032
      yMax:
        _serializedValue: -7000796672
    _radius:
      _serializedValue: 2147483648
    _offSet:
      x:
        _serializedValue: 0
      y:
        _serializedValue: 0
      z:
        _serializedValue: 0
  - rect:
      serializedVersion: 2
      x: 0.27
      y: 0
      width: -0.98
      height: -1.65
    defaultVisibility: 1
    followXBounds: 0
    followYBounds: 0
    position: {fileID: 5367363191671149908}
    bodyPart: 11
    mappedPosition:
      x:
        _serializedValue: 0
      y:
        _serializedValue: 0
      z:
        _serializedValue: 0
    localPosition:
      x:
        _serializedValue: 0
      y:
        _serializedValue: 0
      z:
        _serializedValue: 0
    shape: 1
    collisionType: 0
    type: 1
    _rect:
      _x:
        _serializedValue: 1159641216
      _y:
        _serializedValue: 0
      topRight:
        x:
          _serializedValue: -3049426944
        y:
          _serializedValue: 0
        z:
          _serializedValue: 0
      topLeft:
        x:
          _serializedValue: 1159641216
        y:
          _serializedValue: 0
        z:
          _serializedValue: 0
      bottomRight:
        x:
          _serializedValue: -3049426944
        y:
          _serializedValue: -7086695936
        z:
          _serializedValue: 0
      bottomLeft:
        x:
          _serializedValue: 1159641216
        y:
          _serializedValue: -7086695936
        z:
          _serializedValue: 0
      width:
        _serializedValue: -4209068032
      height:
        _serializedValue: -7086695936
      xMax:
        _serializedValue: -3049426944
      yMax:
        _serializedValue: -7086695936
    _radius:
      _serializedValue: 2147483648
    _offSet:
      x:
        _serializedValue: 0
      y:
        _serializedValue: 0
      z:
        _serializedValue: 0
  - rect:
      serializedVersion: 2
      x: 0.3
      y: 0
      width: -0.91
      height: -1.52
    defaultVisibility: 1
    followXBounds: 0
    followYBounds: 0
    position: {fileID: 1466215736299522600}
    bodyPart: 12
    mappedPosition:
      x:
        _serializedValue: 0
      y:
        _serializedValue: 0
      z:
        _serializedValue: 0
    localPosition:
      x:
        _serializedValue: 0
      y:
        _serializedValue: 0
      z:
        _serializedValue: 0
    shape: 1
    collisionType: 0
    type: 1
    _rect:
      _x:
        _serializedValue: 1288490240
      _y:
        _serializedValue: 0
      topRight:
        x:
          _serializedValue: -2619930112
        y:
          _serializedValue: 0
        z:
          _serializedValue: 0
      topLeft:
        x:
          _serializedValue: 1288490240
        y:
          _serializedValue: 0
        z:
          _serializedValue: 0
      bottomRight:
        x:
          _serializedValue: -2619930112
        y:
          _serializedValue: -6528350208
        z:
          _serializedValue: 0
      bottomLeft:
        x:
          _serializedValue: 1288490240
        y:
          _serializedValue: -6528350208
        z:
          _serializedValue: 0
      width:
        _serializedValue: -3908420352
      height:
        _serializedValue: -6528350208
      xMax:
        _serializedValue: -2619930112
      yMax:
        _serializedValue: -6528350208
    _radius:
      _serializedValue: 2147483648
    _offSet:
      x:
        _serializedValue: 0
      y:
        _serializedValue: 0
      z:
        _serializedValue: 0
  - rect:
      serializedVersion: 2
      x: 0.26
      y: 0
      width: -0.87
      height: -1.48
    defaultVisibility: 1
    followXBounds: 0
    followYBounds: 0
    position: {fileID: 4855529864348670119}
    bodyPart: 13
    mappedPosition:
      x:
        _serializedValue: 0
      y:
        _serializedValue: 0
      z:
        _serializedValue: 0
    localPosition:
      x:
        _serializedValue: 0
      y:
        _serializedValue: 0
      z:
        _serializedValue: 0
    shape: 1
    collisionType: 0
    type: 1
    _rect:
      _x:
        _serializedValue: 1116691456
      _y:
        _serializedValue: 0
      topRight:
        x:
          _serializedValue: -2619930112
        y:
          _serializedValue: 0
        z:
          _serializedValue: 0
      topLeft:
        x:
          _serializedValue: 1116691456
        y:
          _serializedValue: 0
        z:
          _serializedValue: 0
      bottomRight:
        x:
          _serializedValue: -2619930112
        y:
          _serializedValue: -6356551680
        z:
          _serializedValue: 0
      bottomLeft:
        x:
          _serializedValue: 1116691456
        y:
          _serializedValue: -6356551680
        z:
          _serializedValue: 0
      width:
        _serializedValue: -3736621568
      height:
        _serializedValue: -6356551680
      xMax:
        _serializedValue: -2619930112
      yMax:
        _serializedValue: -6356551680
    _radius:
      _serializedValue: 2147483648
    _offSet:
      x:
        _serializedValue: 0
      y:
        _serializedValue: 0
      z:
        _serializedValue: 0
  - rect:
      serializedVersion: 2
      x: 0
      y: 0
      width: 4
      height: 4
    defaultVisibility: 1
    followXBounds: 0
    followYBounds: 0
    position: {fileID: 5760668258451192236}
    bodyPart: 14
    mappedPosition:
      x:
        _serializedValue: 0
      y:
        _serializedValue: 0
      z:
        _serializedValue: 0
    localPosition:
      x:
        _serializedValue: 0
      y:
        _serializedValue: 0
      z:
        _serializedValue: 0
    shape: 0
    collisionType: 0
    type: 1
    _rect:
      _x:
        _serializedValue: 0
      _y:
        _serializedValue: 0
      topRight:
        x:
          _serializedValue: 0
        y:
          _serializedValue: 0
        z:
          _serializedValue: 0
      topLeft:
        x:
          _serializedValue: 0
        y:
          _serializedValue: 0
        z:
          _serializedValue: 0
      bottomRight:
        x:
          _serializedValue: 0
        y:
          _serializedValue: 0
        z:
          _serializedValue: 0
      bottomLeft:
        x:
          _serializedValue: 0
        y:
          _serializedValue: 0
        z:
          _serializedValue: 0
      width:
        _serializedValue: 0
      height:
        _serializedValue: 0
      xMax:
        _serializedValue: 0
      yMax:
        _serializedValue: 0
    _radius:
      _serializedValue: 1932735232
    _offSet:
      x:
        _serializedValue: 816043776
      y:
        _serializedValue: -1846835968
      z:
        _serializedValue: 0
  - rect:
      serializedVersion: 2
      x: 0
      y: 0
      width: 4
      height: 4
    defaultVisibility: 1
    followXBounds: 0
    followYBounds: 0
    position: {fileID: 3934066062011844234}
    bodyPart: 15
    mappedPosition:
      x:
        _serializedValue: 0
      y:
        _serializedValue: 0
      z:
        _serializedValue: 0
    localPosition:
      x:
        _serializedValue: 0
      y:
        _serializedValue: 0
      z:
        _serializedValue: 0
    shape: 0
    collisionType: 0
    type: 1
    _rect:
      _x:
        _serializedValue: 0
      _y:
        _serializedValue: 0
      topRight:
        x:
          _serializedValue: 0
        y:
          _serializedValue: 0
        z:
          _serializedValue: 0
      topLeft:
        x:
          _serializedValue: 0
        y:
          _serializedValue: 0
        z:
          _serializedValue: 0
      bottomRight:
        x:
          _serializedValue: 0
        y:
          _serializedValue: 0
        z:
          _serializedValue: 0
      bottomLeft:
        x:
          _serializedValue: 0
        y:
          _serializedValue: 0
        z:
          _serializedValue: 0
      width:
        _serializedValue: 0
      height:
        _serializedValue: 0
      xMax:
        _serializedValue: 0
      yMax:
        _serializedValue: 0
    _radius:
      _serializedValue: 1932735232
    _offSet:
      x:
        _serializedValue: 0
      y:
        _serializedValue: -1717986944
      z:
        _serializedValue: 0
  - rect:
      serializedVersion: 2
      x: -1.05
      y: -1.69
      width: 2.33
      height: 3.91
    defaultVisibility: 1
    followXBounds: 0
    followYBounds: 0
    position: {fileID: 8023458647939889274}
    bodyPart: 0
    mappedPosition:
      x:
        _serializedValue: 0
      y:
        _serializedValue: 0
      z:
        _serializedValue: 0
    localPosition:
      x:
        _serializedValue: 0
      y:
        _serializedValue: 0
      z:
        _serializedValue: 0
    shape: 1
    collisionType: 3
    type: 0
    _rect:
      _x:
        _serializedValue: -4509715456
      _y:
        _serializedValue: -7258494976
      topRight:
        x:
          _serializedValue: 5497558016
        y:
          _serializedValue: -7258494976
        z:
          _serializedValue: 0
      topLeft:
        x:
          _serializedValue: -4509715456
        y:
          _serializedValue: -7258494976
        z:
          _serializedValue: 0
      bottomRight:
        x:
          _serializedValue: 5497558016
        y:
          _serializedValue: 9534827520
        z:
          _serializedValue: 0
      bottomLeft:
        x:
          _serializedValue: -4509715456
        y:
          _serializedValue: 9534827520
        z:
          _serializedValue: 0
      width:
        _serializedValue: 10007273472
      height:
        _serializedValue: 16793322496
      xMax:
        _serializedValue: 5497558016
      yMax:
        _serializedValue: 9534827520
    _radius:
      _serializedValue: 2147483648
    _offSet:
      x:
        _serializedValue: 0
      y:
        _serializedValue: 0
      z:
        _serializedValue: 0
  activeHurtBoxes: []
  blockableArea:
    enabled: 1
    activeFramesBegin: 0
    activeFramesEnds: 0
    bodyPart: 0
    hitBoxDefinitionIndex: 0
    shape: 0
    rect:
      serializedVersion: 2
      x: 0
      y: 0
      width: 4
      height: 4
    _rect:
      _x:
        _serializedValue: 0
      _y:
        _serializedValue: 0
      topRight:
        x:
          _serializedValue: 0
        y:
          _serializedValue: 0
        z:
          _serializedValue: 0
      topLeft:
        x:
          _serializedValue: 0
        y:
          _serializedValue: 0
        z:
          _serializedValue: 0
      bottomRight:
        x:
          _serializedValue: 0
        y:
          _serializedValue: 0
        z:
          _serializedValue: 0
      bottomLeft:
        x:
          _serializedValue: 0
        y:
          _serializedValue: 0
        z:
          _serializedValue: 0
      width:
        _serializedValue: 0
      height:
        _serializedValue: 0
      xMax:
        _serializedValue: 0
      yMax:
        _serializedValue: 0
    followXBounds: 0
    followYBounds: 0
    _radius:
      _serializedValue: 2147483648
    _offSet:
      x:
        _serializedValue: 0
      y:
        _serializedValue: 0
      z:
        _serializedValue: 0
    cuboidMin:
      x:
        _serializedValue: 0
      y:
        _serializedValue: 0
      z:
        _serializedValue: 0
    cuboidMax:
      x:
        _serializedValue: 0
      y:
        _serializedValue: 0
      z:
        _serializedValue: 0
    position:
      x:
        _serializedValue: 0
      y:
        _serializedValue: 0
      z:
        _serializedValue: 0
  hitConfirmType: 0
  collisionBoxSize:
    _serializedValue: 8589934592
  inverted: 0
  bakeSpeed: 0
  deltaPosition:
    x:
      _serializedValue: 0
    y:
      _serializedValue: 0
    z:
      _serializedValue: 0
  animationMaps: []
  controlsScript: {fileID: 0}
  previewInvertRotation: 0
  previewMirror: 0
  autoHitBoxes: []
  rectangleHitBoxLocationTest: 0
  rectTexture: {fileID: 0}
  moveSetScript: {fileID: 0}
  previewAllBoxes: 0
  customHitBoxes: {fileID: 0}
--- !u!1 &9063140123554701648
GameObject:
  m_ObjectHideFlags: 0
  m_CorrespondingSourceObject: {fileID: 0}
  m_PrefabInstance: {fileID: 0}
  m_PrefabAsset: {fileID: 0}
  serializedVersion: 6
  m_Component:
  - component: {fileID: 4855529864348670119}
  m_Layer: 0
  m_Name: calf_r
  m_TagString: Untagged
  m_Icon: {fileID: 0}
  m_NavMeshLayer: 0
  m_StaticEditorFlags: 0
  m_IsActive: 1
--- !u!4 &4855529864348670119
Transform:
  m_ObjectHideFlags: 0
  m_CorrespondingSourceObject: {fileID: 0}
  m_PrefabInstance: {fileID: 0}
  m_PrefabAsset: {fileID: 0}
  m_GameObject: {fileID: 9063140123554701648}
  m_LocalRotation: {x: -0.122666836, y: -0.0115621155, z: 0.25697845, w: 0.9585308}
  m_LocalPosition: {x: -0.42572257, y: -0.000000019669532, z: 0.000000019073486}
  m_LocalScale: {x: 1, y: 1.0000001, z: 1}
  m_ConstrainProportionsScale: 0
  m_Children:
  - {fileID: 3934066062011844234}
  m_Father: {fileID: 5367363191671149908}
  m_RootOrder: 0
  m_LocalEulerAnglesHint: {x: 0, y: 0, z: 0}
